 Dungeon Crawl Stone Soup version 0.22-a0-858-g985ef60 (webtiles) character file.

1071544 Azzok the Petrodigitator (level 27, -1/218 HPs)
             Began as a Gargoyle Earth Elementalist on July 26, 2018.
             Was the Champion of Vehumet.
             Killed from afar by Voangablepp the pandemonium lord (26 damage)
             ... with an iron shot
             ... on level 1 of the Depths on July 27, 2018.
             The game lasted 05:13:58 (102701 turns).

Azzok the Petrodigitator (GrEE)                   Turns: 102701, Time: 05:14:00

Health: -1/218     AC: 52    Str: 12    XL:     27
Magic:  31/63      EV: 11    Int: 47    God:    Vehumet [******]
Gold:   7263       SH: 11    Dex: 12    Spells: 27/80 levels left

rFire    + + .     SeeInvis .   b - staff of energy
rCold    + + +     Gourm    .   B - +3 buckler {reflect}
rNeg     + + +     Faith    .   m - +1 faerie dragon scales {rPois rC+ rCorr MP+9 Int+4}
rPois    ∞         Spirit   .   R - +2 helmet {Int+3}
rElec    +         Reflect  +   D - +0 cloak of the Dropbear {rC+ Int+4 Dex+2}
rCorr    +         Harm     .   P - +2 pair of gloves
MR       +++++     Clarity  +   G - +0 pair of boots of Dramatic Exits {Int+2}
Stlth    +.........             (no amulet)
HPRegen  0.46/turn              C - ring of Nehehuat {rPois rF++ rN+ Str-2 Int+4}
MPRegen  0.38/turn              J - ring of the Mage {Wiz MR++ Int+3}

@: about to teleport, lich-form, contaminated, glowing, studying Fire Magic
A: big wings, icy blue scales 1, clarity, cold resistance 1, negative energy
resistance 1, robust 1, electricity resistance, unbreathing, petrification
resistance, rot immunity, AC +20
}: 5/15 runes: decaying, serpentine, slimy, silver, golden
a: Fly, End Transformation, Renounce Religion


You were on level 1 of the Depths.
You worshipped Vehumet.
Vehumet was exalted by your worship.
You were not hungry.
You were a lich.
You visited 14 branches of the dungeon, and saw 60 of its levels.
You visited 2 ziggurats (completing 1), and saw 52 of their levels.
You also visited: Ice Cave and Wizlab.

You collected 11084 gold pieces.
You spent 3821 gold pieces at shops.

Inventory:

Missiles
 I - 1508 stones (quivered)
Armour
 m - the +1 faerie dragon scales (worn) {rPois rC+ rCorr MP+9 Int+4}
   (You took it off the Enchantress on level 3 of the Depths)

   It affects your intelligence (+4).
   It protects you from cold.
   It protects you from poison.
   It affects your magic capacity (+9).
   It provides partial protection from all sources of acid and corrosion.
 t - the +2 shield of the Depths {MR+}
   (You found it on level 24 of a ziggurat)

   It affects your resistance to hostile enchantments.
 B - a +3 buckler of reflection (worn)
 D - the +0 cloak of the Dropbear (worn) {rC+ Int+4 Dex+2}
   (You found it in a wizard's laboratory)

   It affects your intelligence (+4).
   It affects your dexterity (+2).
   It protects you from cold.
 G - the +0 pair of boots of Dramatic Exits (worn) {Int+2}
   (You found it on level 9 of a ziggurat)

   It affects your intelligence (+2).
 P - a +2 pair of gloves (worn)
 R - a +2 helmet of intelligence (worn)
Magical Staves
 a - an uncursed staff of earth
 b - an uncursed staff of energy (weapon)
 k - an uncursed staff of conjuration
Jewellery
 l - the amulet of the Four Winds {rN+ MR+++ Clar}
   (You found it on level 26 of a ziggurat)

   [amulet of nothing]

   It protects you from negative energy.
   It affects your resistance to hostile enchantments.
   It protects you against confusion.
 u - the amulet of Vitality {Regen+ HP+15}
   (You found it on level 10 of a ziggurat)

   [amulet of regeneration]

   It affects your health (+15).
   It increases your rate of regeneration.
 z - an uncursed amulet of magic regeneration
 C - the ring of Nehehuat (left hand) {rPois rF++ rN+ Str-2 Int+4}
   (You took it off an efreet in a wizard's laboratory)

   [ring of intelligence]

   It affects your strength (-2).
   It affects your intelligence (+4).
   It greatly protects you from fire.
   It protects you from poison.
   It protects you from negative energy.
 J - the ring of the Mage (right hand) {Wiz MR++ Int+3}
   (You found it on level 5 of the Pits of Slime)

   [ring of wizardry]

   It improves your spell success rate.
   It affects your intelligence (+3).
   It affects your resistance to hostile enchantments.
 S - the ring of Ephemeral Luck {rElec MP+9 SInv Stlth+}
   (You found it on level 6 of the Lair of Beasts)

   [ring of magical power]

   It insulates you from electricity.
   It affects your magic capacity (+9).
   It lets you see invisible.
   It makes you more stealthy.
 Y - the ring "Nieham" {rF+ Int+3 Stlth+}
   (You took it off a deep elf archer on level 1 of the Vaults)

   [ring of protection from fire]

   It affects your intelligence (+3).
   It protects you from fire.
   It makes you more stealthy.
Wands
 U - a wand of digging (73)
Scrolls
 c - 3 scrolls of amnesia
 h - 2 scrolls of torment
 i - 47 scrolls of teleportation
 q - a scroll of fear
 s - 19 scrolls of fog
 x - 2 scrolls of identify
 y - 46 scrolls of remove curse
 A - 18 scrolls of magic mapping
 F - 4 scrolls of blinking
Potions
 f - 28 potions of haste
 g - a potion of magic
 j - 15 potions of lignification
 n - 17 potions of heal wounds
 o - 9 potions of brilliance
 p - 2 potions of experience
 r - 3 potions of agility
 w - 23 potions of curing
 E - 6 potions of might
 K - 4 potions of cancellation
 M - 3 potions of resistance
 N - 23 potions of mutation {!q}
 W - 2 potions of ambrosia
Books
 e - a manual of Fire Magic
Miscellaneous
 v - a lamp of fire
 H - a crystal ball of energy
Comestibles
 d - 102 rations


   Skills:
 O Level 27 Fighting
 - Level 20.1 Armour
 - Level 1.5 Dodging
 - Level 2.1 Stealth
 - Level 16.0 Shields
 O Level 27 Spellcasting
 + Level 26.1 Conjurations
 - Level 17.6 Necromancy
 - Level 17.6 Transmutations
 - Level 20.2 Ice Magic
 O Level 27 Earth Magic
 O Level 27 Evocations


You had 27 spell levels left.
You knew the following spells:

 Your Spells              Type           Power        Failure   Level  Hunger
a - Sandblast             Erth           ######       0%          1    N/A
b - Lehudib's Crystal Sp  Conj/Erth      ########..   1%          8    N/A
c - Iron Shot             Conj/Erth      ########..   0%          6    N/A
d - Orb of Destruction    Conj           ########..   0%          7    N/A
e - Necromutation         Tmut/Necr      ########..   1%          8    N/A
f - Blink                 Tloc           N/A          1%          2    N/A
g - Shatter               Erth           ########..   1%          9    N/A
h - Glaciate              Conj/Ice       ########..   1%          9    N/A
i - Regeneration          Chrm/Necr      ########..   0%          3    N/A

Your spell library contained the following spells:

 Spells                   Type           Power        Failure   Level  Hunger
 Cause Fear               Hex            ######....   1%          4    N/A
 Magic Dart               Conj           ####         0%          1    N/A
 Fireball                 Conj/Fire      ########..   1%          5    N/A
 Apportation              Tloc           ######       1%          1    N/A
 Conjure Flame            Conj/Fire      ########     0%          3    N/A
 Bolt of Fire             Conj/Fire      ########..   1%          6    N/A
 Bolt of Cold             Conj/Ice       ########..   0%          6    N/A
 Lightning Bolt           Conj/Air       ########..   1%          5    N/A
 Bolt of Magma            Conj/Fire/Erth ########..   0%          5    N/A
 Slow                     Hex            ######..     1%          2    N/A
 Confuse                  Hex            ######..     1%          3    N/A
 Invisibility             Hex            ######..     14%         6    N/A
 Throw Flame              Conj/Fire      ######       0%          2    N/A
 Throw Frost              Conj/Ice       ######       0%          2    N/A
 Freezing Cloud           Conj/Ice/Air   ########..   1%          6    N/A
 Mephitic Cloud           Conj/Pois/Air  #######.     0%          3    N/A
 Ring of Flames           Chrm/Fire      ######....   58%         7    N/A
 Venom Bolt               Conj/Pois      ########..   1%          5    N/A
 Olgreb's Toxic Radiance  Pois           ######..     1%          4    N/A
 Teleport Other           Tloc           ######..     1%          3    N/A
 Death's Door             Chrm/Necr      ########..   16%         8    N/A
 Summon Small Mammal      Summ           ####         1%          1    N/A
 Bolt of Draining         Conj/Necr      #########.   0%          5    N/A
 Iskenderun's Mystic Bla  Conj           ########     0%          4    N/A
 Summon Horrible Things   Summ           ######....   99%         8    N/A
 Animate Dead             Necr           N/A          0%          4    N/A
 Pain                     Necr           ####         0%          1    N/A
 Animate Skeleton         Necr           N/A          0%          1    N/A
 Vampiric Draining        Necr           ########..   0%          3    N/A
 Haunt                    Necr/Summ      ########..   2%          7    N/A
 Borgnjor's Revivificati  Necr           ########..   1%          8    N/A
 Freeze                   Ice            ####         0%          1    N/A
 Ozocubu's Refrigeration  Ice            ########..   0%          6    N/A
 Sticky Flame             Conj/Fire      ########     0%          4    N/A
 Summon Ice Beast         Ice/Summ       ########     1%          4    N/A
 Ozocubu's Armour         Chrm/Ice       ########     0%          3    N/A
 Call Imp                 Summ           ######..     1%          2    N/A
 Dispel Undead            Necr           ########     0%          5    N/A
 Sting                    Conj/Pois      ####         0%          1    N/A
 Sublimation of Blood     Necr           ########..   0%          2    N/A
 Tukima's Dance           Hex            ######..     1%          3    N/A
 Summon Demon             Summ           ######....   2%          5    N/A
 Summon Greater Demon     Summ           ######....   58%         7    N/A
 Corpse Rot               Necr           N/A          0%          2    N/A
 Stone Arrow              Conj/Erth      ######       0%          3    N/A
 Shock                    Conj/Air       ####         0%          1    N/A
 Swiftness                Chrm/Air       ######..     1%          2    N/A
 Recall                   Summ/Tloc      N/A          1%          3    N/A
 Agony                    Necr           ########     0%          5    N/A
 Spider Form              Tmut/Pois      #######...   0%          3    N/A
 Blade Hands              Tmut           ########..   0%          5    N/A
 Statue Form              Tmut/Erth      ########.    0%          6    N/A
 Ice Form                 Ice/Tmut       ########     0%          4    N/A
 Dragon Form              Tmut           ########..   1%          7    N/A
 Death Channel            Necr           ########..   1%          6    N/A
 Deflect Missiles         Chrm/Air       ######....   14%         6    N/A
 Throw Icicle             Conj/Ice       ########     0%          4    N/A
 Airstrike                Air            ######....   1%          4    N/A
 Shadow Creatures         Summ           N/A          14%         6    N/A
 Confusing Touch          Hex            ######       1%          1    N/A
 Flame Tongue             Conj/Fire      #####        0%          1    N/A
 Passwall                 Tmut/Erth      ########     0%          2    N/A
 Ignite Poison            Fire/Tmut/Pois #######.     1%          3    N/A
 Sticks to Snakes         Tmut           ########     0%          2    N/A
 Call Canine Familiar     Summ           ######..     1%          3    N/A
 Ensorcelled Hibernation  Hex/Ice        ######       0%          2    N/A
 Metabolic Englaciation   Hex/Ice        ########..   1%          5    N/A
 Summon Butterflies       Summ           ######..     1%          1    N/A
 Silence                  Hex/Air        ######....   2%          5    N/A
 Static Discharge         Conj/Air       ########     0%          3    N/A
 Corona                   Hex            ######.      1%          1    N/A
 Alistair's Intoxication  Tmut/Pois      #######.     1%          5    N/A
 Lee's Rapid Deconstruct  Erth           ########..   0%          5    N/A
 Simulacrum               Ice/Necr       #########.   0%          6    N/A
 Conjure Ball Lightning   Conj/Air       ########..   1%          6    N/A
 Excruciating Wounds      Chrm/Necr      ########..   1%          5    N/A
 Portal Projectile        Hex/Tloc       ######       1%          3    N/A
 Monstrous Menagerie      Summ           ######....   58%         7    N/A
 Petrify                  Tmut/Erth      ########     0%          4    N/A
 Passage of Golubria      Tloc           N/A          1%          4    N/A
 Malign Gateway           Summ/Tloc      ######....   58%         7    N/A
 Tornado                  Air            ######....   100%        9    N/A
 Leda's Liquefaction      Hex/Erth       ########..   0%          4    N/A
 Summon Hydra             Summ           ######....   58%         7    N/A
 Darkness                 Hex            ######....   14%         6    N/A
 Shroud of Golubria       Chrm/Tloc      ######....   1%          2    N/A
 Inner Flame              Hex/Fire       ######..     1%          3    N/A
 Aura of Abjuration       Summ           ######....   2%          5    N/A
 Beastly Appendage        Tmut           ######       0%          1    N/A
 Iskenderun's Battlesphe  Conj/Chrm      ########     1%          5    N/A
 Fulminant Prism          Conj/Hex       ########..   0%          4    N/A
 Dazzling Spray           Conj/Hex       ######       0%          3    N/A
 Force Lance              Conj/Tloc      ########     0%          4    N/A
 Infusion                 Chrm           ####         1%          1    N/A
 Song of Slaying          Chrm           ######..     1%          2    N/A
 Spectral Weapon          Hex/Chrm       ######..     1%          3    N/A
 Searing Ray              Conj           ######       0%          2    N/A
 Discord                  Hex            ######....   99%         8    N/A
 Summon Forest            Summ/Tloc      ######....   2%          5    N/A
 Summon Lightning Spire   Summ/Air       ######..     1%          4    N/A
 Summon Guardian Golem    Hex/Summ       ######..     1%          3    N/A
 Dragon's Call            Summ           ######....   100%        9    N/A
 Spellforged Servitor     Conj/Summ      ########..   1%          7    N/A
 Summon Mana Viper        Hex/Summ       ######..     2%          5    N/A
 Hydra Form               Tmut           ########..   1%          6    N/A
 Irradiate                Conj/Tmut      ########..   0%          5    N/A
 Gell's Gravitas          Tloc           ######....   1%          3    N/A
 Yara's Violent Unravell  Hex/Tmut       #######...   1%          5    N/A
 Infestation              Necr           ########..   1%          8    N/A
 Lesser Beckoning         Tloc           ######....   1%          3    N/A
 Poisonous Vapours        Pois/Air       ######       1%          2    N/A
 Ignition                 Fire           ######....   75%         8    N/A
 Borgnjor's Vile Clutch   Necr/Erth      #########.   0%          5    N/A

Dungeon Overview and Level Annotations

Branches:
Dungeon (15/15)            Temple (1/1) D:6            Lair (6/6) D:10
  Swamp (4/4) Lair:3        Snake (4/4) Lair:2        Slime (5/5) Lair:5
    Orc (2/2) D:12            Elf (3/3) Orc:2        Vaults (5/5) D:13
  Crypt (3/3) Vaults:2       Tomb (3/3) Crypt:3      Depths (5/5) D:15
   Hell (1/1)                 Tar (0/7) Hell            Zot (3/5) Depths:5
    Dis: Hell:1         Geh: Hell:1         Coc: Hell:1

Altars:
Cheibriados
Dithmenos
Elyvilon
Gozag
Hepliaklqana
Kikubaaqudgha
Makhleb
Okawaru
Qazlal
Ru
Trog
Vehumet
Xom
Yredelemnul
Zin
The Shining One
Lugonu

Shops:
D:5 ?   D:9 [   D:13 (   Orc:2 }?%*   Elf:1 :   Snake:2 *   Snake:3 ?
Snake:4 [   Vaults:1 (   Vaults:3 [   Vaults:4 (   Depths:1 [

Portals:
Hell: Depths:1 Depths:2 Depths:3 Depths:4 Depths:5
Abyss: Depths:2 Depths:3 Depths:4
Pandemonium: Depths:2 Depths:3 Depths:5

Annotations:
D:8 1 runed door
Elf:2 3 runed doors
Depths:1 3 runed doors
Zot:1 1 transporter


Innate Abilities, Weirdness & Mutations

You are resistant to torment.
Your stone body is resilient. (AC +20)
You are immune to poison.
Your large and strong wings let you fly indefinitely.
You resist negative energy. (rN+)
You are resistant to electric shocks. (rElec)
You can survive without breathing.
You are immune to petrification.
You are immune to rotting.
You are partially covered in icy blue scales. (AC +2)
You possess an exceptional clarity of mind.
Your flesh is cold resistant. (rC+)
You are robust. (+10% HP)


Message History

Confirm with . or Enter, or press ? or * to list all spells.
You blink.
Casting: Blink (safe; 1% risk of failure)
Confirm with . or Enter, or press ? or * to list all spells.
The dungeon rumbles!
Voangablepp is moderately wounded.
Qesocaeg is lightly wounded.
Modiff is almost dead.
Ka-crash!
Your surroundings seem slightly different.
As you read the scroll of teleportation, it crumbles to dust.
You feel strangely unstable.
Casting: Shatter (safe; 1% risk of failure)
Confirm with . or Enter, or press ? or * to list all spells.
Aiming: Orb of Destruction (safe; 0% risk of failure)
Press: ? - help, Shift-Dir - straight line, f - Voangablepp
Aim: Voangablepp (moderately wounded, fast) Voangablepp gestures at you.
The iron shot hits you!
You die...

··▒▒▒▒▒ ▒▒▒▒▒▒▒▒▒ ▒▒··▒·▒▒▒
▒·······▒ ····▒···▒ ▒·······▒
····▒···▒ ▒··▒▒▒··▒ ·····▒··▒
▒··▒∩'··▒
▒····▒··▒▒▒▒▒▒▒▒▒▒···▒▒··▒·▒
·▒▒··▒·······((············
···▒▒··▒▒▒▒▒▒▒············▒ ▒
·▒▒··▒·▒ ▒(·L§········▒·▒
▒····▒·▒ ▒▒▒····*········▒▒
··▒··▒·▒▒▒▒▒·(··············▒
·▒··▒·······▒▒(····&······▒
····▒···▒▒·▒··▒···········▒
····▒·▒▒▒▒·▒··············▒
···▒··▒ ▒··▒·▒·▒·········▒
···▒··▒ ▒▒·▒····▒·▒······▒
···▒··▒▒▒▒▒··▒▒··▒·········▒


You could see Voangablepp.

Vanquished Creatures
  the Royal Jelly (Slime:5)
  10 ancient liches
  5 orbs of fire
  16 juggernauts
  5 shard shrikes (Zig:25)
  Margery (Vaults:4)
  41 greater mummies
  Frederick (Tomb:3)
  Bai Suzhen (Vaults:4)
  3 caustic shrikes (Zig:22)
  Saint Roka (Vaults:4)
  5 curse toes
  7 pandemonium lords
  Xtahua (Crypt:3)
  Geryon (Hell)
  Nikola (Snake:4)
  6 Killer Klowns
  11 bone dragons
  28 golden dragons
  3 profane servitors
  Jory (Crypt:3)
  the Enchantress (Depths:3)
  5 Brimstone Fiends
  3 Tzitzimimeh
  Jorgrun (Depths:3)
  4 doom hounds
  3 hellephants (Zig:22)
  2 Hell Sentinels (Zig:24)
  2 Ice Fiends
  15 liches
  27 tentacled monstrosities
  14 deep elf blademasters
  7 deep elf master archers
  2 titans (Depths:5)
  50 acid blobs
  9 quicksilver dragons
  The ghost of Meatbag the Blocker, an adept GnFi of Okawaru (Swamp:4)
  An eldritch tentacle (WizLab)
  Gastronok (Lair:3)
  7 tentacled starspawn
  Kirke (Swamp:4)
  4 death cobs
  26 ancient champions
  2 Executioners (Zig:14)
  15 sphinxes
  2 thorn hunters
  5 tengu reavers
  Roxanne (Swamp:4)
  16 shadow dragons
  An azure jelly (shapeshifter) (Zig:11)
  A warmonger (Zig:14)
  15 draconian monks
  15 revenants
  41 nagarajas
  13 storm dragons
  A daeva (Zig:16)
  10 deep elf sorcerers
  31 azure jellies
  13 balrugs
  9 draconian knights
  A ghost moth (shapeshifter) (Zig:11)
  3 caustic shrike zombies
  12 frost giants
  A black sun (Zig:14)
  5 iron dragons
  8 draconian scorchers
  30 orc warlords
  13 fire giants
  10 curse skulls
  6 draconian stormcallers
  7 ghost moths
  9 draconian shifters
  22 vault wardens
  6 cacodemons
  An emperor scorpion (shapeshifter) (Zig:25)
  3 spriggan defenders (Depths:3)
  7 deep elf elementalists
  A juggernaut zombie (Zig:16)
  4 ghouls
  16 draconian annihilators
  6 war gargoyles
  11 emperor scorpions
  A caustic shrike skeleton (Zig:27)
  15 ironheart preservers
  30 stone giants
  7 bennus
  24 reapers
  28 very ugly things
  6 juggernaut skeletons
  32 starcursed masses
  An ophan (Zig:16)
  11 red draconians
  3 entropy weavers
  15 green draconians
  5 corrupters
  19 vampire knights
  18 deep elf demonologists
  Azrael (D:13)
  3 lorocyprocas
  15 deep elf annihilators
  11 black draconians
  8 white draconians
  11 yellow draconians
  9 dire elephants
  2 spark wasps
  10 purple draconians
  A quicksilver dragon zombie (Tomb:2)
  14 eidola
  9 blizzard demons
  24 jiangshi
  2 crystal guardians
  12 death oozes
  17 ettins
  18 green deaths
  Josephine (Orc:1)
  8 merfolk javelineers
  2 merfolk impalers (Zig:13)
  26 deep elf death magi
  36 mummy priests
  19 fire dragons
  19 ogre magi
  13 deep elf high priests
  15 yaktaur captains
  32 vault guards
  30 great orbs of eyes
  4 rakshasas
  3 spriggan air magi
  An ice dragon (shapeshifter) (Zig:3)
  3 hell beasts
  27 naga warriors
  7 ghost crabs
  A quicksilver dragon skeleton (Zig:25)
  52 hydras
  11 anacondas
  2 anacondas (shapeshifter)
  61 two-headed ogres
  18 ice dragons
  12 merfolk aquamancers
  A merfolk avatar (Zig:13)
  A catoblepas (shapeshifter) (Zig:25)
  Erica (D:10)
  3 alligator snapping turtles (Zig:23)
  12 centaur warriors
  40 dancing weapons
  2 catoblepae
  4 death knights
  25 alligators
  A queen ant (shapeshifter) (Vaults:5)
  10 deep troll earth magi
  A death yak (Zig:22)
  15 vampire magi
  39 death scarabs
  5 tengu warriors
  10 spriggan berserkers
  7 deep troll shamans
  2 death yaks (shapeshifter) (Zig:25)
  5 thrashing horrors
  2 shock serpents (shapeshifter)
  18 naga sharpshooters
  10 hell hogs
  3 iron golems (Hell)
  6 storm dragon zombies
  42 deep elf knights
  26 orc high priests
  Sonja (D:12)
  17 shock serpents
  A fire crab (Swamp:3)
  43 skeletal warriors
  11 sun demons
  12 soul eaters
  A sixfirhy (Depths:2)
  3 fire crabs (shapeshifter)
  3 titan skeletons
  10 wretched stars
  5 storm dragon skeletons
  10 hell knights
  An iron troll (shapeshifter) (Zig:25)
  10 iron trolls
  13 shadow wraiths
  6 salamander mystics
  3 spatial maelstroms
  22 flayed ghosts
  33 deep trolls
  4 sea snakes
  2 shadow demons
  8 naga ritualists
  A sea snake (shapeshifter) (Depths:3)
  13 death drakes
  2 death drakes (shapeshifter)
  An infernal demonspawn (Zig:14)
  6 golden dragon zombies
  4 spriggan druids
  5 glowing orange brains
  A ghost moth zombie (Crypt:2)
  13 shambling mangroves
  3 tengu zombies
  32 swamp dragons
  7 unseen horrors
  An obsidian statue (WizLab)
  18 ironbrand convokers
  4 lindwurms
  A torturous demonspawn (Zig:14)
  22 orc knights
  2 wizards (WizLab)
  18 phantasmal warriors
  2 anaconda skeletons
  2 lindwurms (shapeshifter)
  A shadow dragon zombie (Zig:22)
  5 necromancers
  7 harpies
  20 large abominations
  40 deep elf archers
  111 deep elf magi
  A wolf spider (shapeshifter) (Zig:25)
  A stone giant zombie (Crypt:3)
  A mana viper (shapeshifter) (Depths:5)
  3 orb spiders
  An orb spider (shapeshifter) (Vaults:2)
  A harpy (shapeshifter) (Vaults:3)
  A fire giant zombie (Tomb:2)
  26 shining eyes
  8 mana vipers
  2 sphinx zombies (Zig:22)
  A wolf spider zombie (D:15)
  19 orc sorcerers
  13 salamanders
  2 sphinx skeletons
  7 shadow dragon skeletons
  9 wolf spiders
  7 cyclopes
  5 worldbinders
  2 fire giant skeletons
  3 tengu skeletons (Zig:22)
  30 moths of wrath
  55 ugly things
  2 iron dragon skeletons
  A manticore (shapeshifter) (Zig:6)
  4 rust devils (Hell)
  10 oklob plants
  10 manticores
  An elephant (shapeshifter) (Vaults:5)
  5 elephants
  A merfolk siren (Zig:13)
  Maurice (Orc:2)
  A guardian serpent (shapeshifter) (Elf:1)
  7 apocalypse crabs
  Joseph (D:7)
  3 frost giant skeletons
  22 guardian serpents
  15 elf zombies
  3 ice statues
  5 torpor snails
  10 water nymphs
  49 black mambas
  5 smoke demons
  17 vault sentinels
  A storm dragon simulacrum (Hell)
  38 spiny frogs
  38 naga magi
  2 torpor snails (shapeshifter)
  A black mamba (shapeshifter) (Vaults:2)
  4 molten gargoyles
  8 orange demons
  A gargoyle (D:15)
  Psyche (D:8)
  8 eyes of devastation
  7 centaur zombies
  8 rime drakes
  59 yaktaurs
  A dire elephant skeleton (Hell)
  7 demonic crawlers
  A spriggan skeleton (Zig:22)
  12 hellions
  A yaktaur (shapeshifter) (Vaults:1)
  2 spriggan zombies
  6 tormentors
  15 komodo dragons
  4 efreet
  A komodo dragon (shapeshifter) (Zig:12)
  9 red devils
  19 ice devils
  A kobold demonologist (D:11)
  3 hellwings
  A troll (shapeshifter) (D:15)
  A catoblepas skeleton (Crypt:1)
  A golden dragon simulacrum (Depths:2)
  66 guardian mummies
  21 freezing wraiths
  20 trolls
  5 tengu conjurers
  A queen bee (Orc:1)
  A queen bee (shapeshifter) (Vaults:5)
  A polar bear (shapeshifter) (Depths:2)
  9 ancient zymes
  2 meliai (D:15)
  5 jumping spiders
  A jumping spider (shapeshifter) (Vaults:4)
  A merfolk (shapeshifter) (Zig:11)
  A harpy skeleton (Tomb:1)
  3 polar bears (D:9)
  20 tyrant leeches
  20 merfolk (Zig:13)
  8 wind drakes
  Grinder (D:5)
  43 hornets
  158 slime creatures
  20 blink frogs
  A dream sheep (shapeshifter) (Zig:8)
  A snapping turtle (shapeshifter) (Zig:11)
  18 bog bodies
  A death drake skeleton (Crypt:2)
  2 slime creatures (shapeshifter)
  11 dream sheep
  3 snapping turtles (Zig:13)
  7 raiju
  83 flying skulls
  8 hippogriffs
  Sigmund (D:3)
  5 ynoxinuls
  6 air elementals
  An alligator skeleton (Hell)
  A satyr skeleton (Crypt:1)
  A spriggan (shapeshifter) (D:15)
  17 spriggans
  32 wraiths
  35 yaks
  A spriggan simulacrum (Depths:2)
  10 shadows
  An ice dragon skeleton (Crypt:2)
  7 tarantellas
  2 vampires
  17 water elementals
  4 redbacks
  A yak (shapeshifter) (D:13)
  12 wyverns
  25 ushabtiu
  4 golden eyes (Zig:18)
  6 hogs
  8 steam dragons
  A basilisk (shapeshifter) (D:15)
  12 fire elementals
  6 neqoxecs
  6 basilisks
  11 chaos spawn
  2 emperor scorpion simulacra
  2 human simulacra (Vaults:3)
  7 spatial vortices
  15 vampire mosquitoes
  3 hungry ghosts
  Menkaure (D:7)
  39 nagas
  5 acid dragons
  9 wargs
  An infernal demonspawn zombie (Crypt:1)
  7 insubstantial wisps
  15 elf skeletons
  18 water moccasins
  A hydra simulacrum (Hell)
  6 floating eyes
  The ghost of nikopol the Magician, an amateur DEFE (D:4)
  13 hell hounds
  16 swamp worms
  11 porcupines
  An ogre skeleton (WizLab)
  5 sky beasts
  A floating eye (shapeshifter) (Zig:11)
  A merfolk skeleton (Crypt:2)
  A meliai simulacrum (D:15)
  25 ice beasts
  66 orc warriors
  26 swamp drakes
  An elephant zombie (Crypt:2)
  2 black bears
  An ettin simulacrum (Vaults:1)
  10 necrophages
  A spiny frog skeleton (Hell)
  27 eyes of draining
  A snapping turtle zombie (Crypt:2)
  A black mamba simulacrum (Hell)
  79 ogres
  24 boggarts
  8 small abominations
  A manticore skeleton (Hell)
  14 wolves
  27 centaurs
  19 crocodiles
  3 big kobolds
  2 rime drake skeletons (Crypt:1)
  19 bullfrogs
  An ogre simulacrum (Vaults:1)
  8 earth elementals
  A wyvern zombie (D:10)
  4 scorpions
  29 killer bees
  3 electric eels
  15 wights
  4 howler monkeys
  5 lava snakes (Lair:6)
  8 crimson imps
  A bullfrog zombie (D:9)
  A human zombie (D:8)
  22 orc priests
  4 bullfrog skeletons
  9 hounds
  19 jellies
  33 orc wizards
  2 quasits (D:4)
  5 centaur skeletons
  2 gnoll shamans
  3 iron imps
  Crazy Yiuf (D:3)
  2 iguanas
  2 human skeletons
  12 worker ants
  A lightning spire (Zig:13)
  A killer bee zombie (D:7)
  A bullfrog simulacrum (D:9)
  A hound zombie (D:10)
  A deep dwarf skeleton (Crypt:1)
  2 hound skeletons
  A killer bee simulacrum (D:9)
  84 mummies
  Robin (D:3)
  10 gnolls
  13 adders
  8 shadow imps
  22 white imps
  2 worker ant simulacra (D:9)
  2 ufetubi (D:9)
  2 oozes
  An adder zombie (D:8)
  2 adder skeletons
  A halfling skeleton (Crypt:1)
  6 worms
  2 dart slugs (D:2)
  7 leopard geckos
  109 orcs
  12 bats
  4 giant cockroaches
  9 goblins
  15 hobgoblins
  13 jackals
  3 quokkas
  2 ball pythons (D:3)
  8 frilled lizards
  A jackal simulacrum (D:9)
  A jackal skeleton (D:7)
  18 kobolds
  A kobold skeleton (D:8)
  A leopard gecko skeleton (D:8)
  A quokka zombie (D:8)
  8 rats
  A rat zombie (Crypt:1)
  57 blocks of ice
  16 briar patches (Zig:21)
  4 bushes (Zig:26)
  A fungus (Lair:5)
  3 lost souls (Zig:25)
  3 plants (Zig:11)
  2 starspawn tentacles
4950 creatures vanquished.

Vanquished Creatures (others)
  An orc warlord (Zig:24)
  A ghost moth (Zot:1)
  A bennu (Tomb:2)
  2 stone giants
  A fire dragon (Zot:2)
  4 death scarabs
  3 skeletal warriors (Tomb:1)
  A swamp dragon (Swamp:4)
  2 naga magi (Snake:4)
  A yaktaur (Depths:1)
  A blink frog (Zig:8)
  A shadow (Swamp:4)
  A flying skull (Tomb:2)
  A water elemental (Zig:19)
  A human (Swamp:4)
  A neqoxec (Zig:24)
  A vampire mosquito (D:15)
  2 nagas (Snake:4)
  2 swamp drakes (Swamp:4)
  A tengu skeleton (Tomb:2)
  3 mummies
  A shadow imp (Zig:27)
  29 blocks of ice
  A briar patch (Zig:21)
  2 bushes (Lair:5)
  A fire vortex (Swamp:4)
  5 fungi
  5 lost souls (Zig:25)
  46 plants
  2 starspawn tentacles
124 creatures vanquished.

Grand Total: 5074 creatures vanquished

Notes
Turn   | Place    | Note
-------+----------+-------------------------------------------
     0 | D:1      | Azzok the Gargoyle Earth Elementalist began the quest for the Orb.
     0 | D:1      | Reached XP level 1. HP: 10/10 MP: 3/3
   123 | D:1      | Reached XP level 2. HP: 15/15 MP: 3/5
   571 | D:1      | Reached XP level 3. HP: 16/19 MP: 1/6
   585 | D:1      | Reached skill level 5 in Earth Magic
   701 | D:1      | Learned a level 3 spell: Stone Arrow
  1250 | D:1      | Reached skill level 1 in Conjurations
  1540 | D:2      | Reached XP level 4. HP: 24/24 MP: 0/7
  1909 | D:2      | Found a white marble altar of Elyvilon.
  2546 | D:3      | Reached XP level 5. HP: 26/28 MP: 0/8
  3195 | D:3      | Noticed Sigmund
  3216 | D:3      | Killed Sigmund
  3216 | D:3      | Reached XP level 6. HP: 10/32 MP: 1/9
  3420 | D:3      | Found an opulent altar of Gozag.
  3589 | D:3      | Noticed Robin
  4064 | D:3      | Found a snail-covered altar of Cheibriados.
  4112 | D:3      | Found a runed door.
  4116 | D:3      | Noticed Crazy Yiuf
  4119 | D:3      | Killed Crazy Yiuf
  4476 | D:3      | Killed Robin
  4795 | D:4      | Reached XP level 7. HP: 36/36 MP: 3/10
  4899 | D:4      | Found a transporter.
  4901 | D:4      | Noticed nikopol's ghost (amateur DEFE)
  4959 | D:4      | Found a transporter.
  5011 | D:4      | Reached skill level 5 in Conjurations
  5235 | D:4      | Learned a level 5 spell: Lee's Rapid Deconstruction
  5706 | D:5      | Entered Level 5 of the Dungeon
  5709 | D:5      | Noticed Grinder
  5718 | D:4      | Reached skill level 1 in Fighting
  5952 | D:5      | Paralysed by Grinder for 6 turns
  5958 | D:5      | Killed Grinder
  6020 | D:5      | Reached XP level 8. HP: 44/44 MP: 8/12
  6308 | D:5      | Found Yzetom's Magic Scroll Boutique.
  6317 | D:5      | Bought a scroll of identify for 22 gold pieces
  6317 | D:5      | Bought a scroll of noise for 11 gold pieces
  6317 | D:5      | Bought a scroll of identify for 22 gold pieces
  7452 | D:6      | Found a staircase to the Ecumenical Temple.
  7462 | Temple   | Entered the Ecumenical Temple
  7510 | Temple   | Became a worshipper of Vehumet
  7641 | D:6      | Reached XP level 9. HP: 52/52 MP: 7/15
  8108 | D:7      | Noticed Menkaure
  8109 | D:7      | Killed Menkaure
  8112 | D:7      | Noticed Joseph
  8358 | D:7      | Killed Joseph
  8358 | D:7      | Reached skill level 5 in Fighting
  8641 | D:7      | Reached skill level 5 in Spellcasting
  9420 | D:7      | Reached skill level 10 in Earth Magic
  9561 | D:7      | Found a shimmering altar of Xom.
  9637 | D:8      | Found a runed door.
  9639 | D:8      | Found a basalt altar of Yredelemnul.
  9655 | D:8      | Reached * piety under Vehumet
  9655 | D:8      | Offered knowledge of Flame Tongue by Vehumet.
 10278 | D:8      | Got a distressingly furry robe
 10281 | D:8      | Reached XP level 10. HP: 60/60 MP: 12/18
 10393 | D:8      | Identified the +1 robe of the Dungeon {-Tele rC- rN++ Dex+9} (You found it on level 8 of the Dungeon)
 10571 | D:8      | Noticed Psyche
 10578 | D:8      | Killed Psyche
 11210 | D:9      | Offered knowledge of Shock by Vehumet.
 11211 | D:9      | Reached ** piety under Vehumet
 12213 | D:9      | Offered knowledge of Inner Flame by Vehumet.
 12372 | D:9      | Reached XP level 11. HP: 68/68 MP: 16/21
 12532 | D:9      | Noticed a two-headed ogre
 12541 | D:9      | Killed a two-headed ogre
 12808 | D:9      | Found Fuob's Antique Armour Shop.
 12938 | D:9      | Found a stormy altar of Qazlal.
 12938 | D:9      | Found a shadowy altar of Dithmenos.
 13232 | D:10     | Entered Level 10 of the Dungeon
 13290 | D:10     | Reached *** piety under Vehumet
 13395 | D:10     | Reached skill level 10 in Conjurations
 13604 | D:10     | Noticed Erica
 13629 | D:10     | Killed Erica
 13655 | D:10     | Offered knowledge of Sticky Flame by Vehumet.
 13857 | D:10     | Found a staircase to the Lair.
 14257 | D:11     | Reached **** piety under Vehumet
 14367 | D:11     | Offered knowledge of Airstrike by Vehumet.
 14372 | D:11     | Noticed a two-headed ogre
 14511 | D:11     | Noticed a four-headed hydra
 14518 | D:11     | Killed a four-headed hydra
 14874 | D:11     | Reached XP level 12. HP: 76/76 MP: 7/24
 15609 | D:11     | Killed a two-headed ogre
 15990 | D:11     | Reached skill level 10 in Fighting
 16191 | D:5      | Bought a scroll of acquirement for 572 gold pieces
 16347 | Lair:1   | Entered Level 1 of the Lair of Beasts
 16601 | Lair:1   | Noticed a five-headed hydra
 16614 | Lair:1   | Killed a five-headed hydra
 18306 | Lair:2   | Found a staircase to the Snake Pit.
 18592 | Lair:2   | Noticed a four-headed hydra
 18600 | Lair:2   | Killed a four-headed hydra
 18650 | Lair:2   | Reached ***** piety under Vehumet
 18766 | Lair:2   | Offered knowledge of Orb of Destruction by Vehumet.
 18770 | Lair:2   | Reached XP level 13. HP: 74/84 MP: 10/26
 18779 | Lair:2   | Learned a level 7 spell: Orb of Destruction
 19401 | Lair:3   | Found a staircase to the Swamp.
 20687 | Lair:3   | Noticed Gastronok
 20702 | Lair:3   | Killed Gastronok
 22183 | Lair:4   | Reached skill level 15 in Conjurations
 22839 | Lair:5   | Found a staircase to the Slime Pits.
 23780 | Lair:6   | Entered Level 6 of the Lair of Beasts
 24270 | Lair:6   | Gained mutation: Your large and strong wings let you fly indefinitely. [Gargoyle growth]
 24270 | Lair:6   | Reached XP level 14. HP: 90/90 MP: 20/27
 24290 | Lair:6   | Reached skill level 1 in Armour
 25454 | Lair:6   | Found a large runed door.
 25927 | Lair:6   | Reached skill level 10 in Spellcasting
 26078 | Lair:6   | Found a large runed door.
 26208 | Lair:6   | Got a slimy wooden ring
 26337 | Lair:6   | Identified the ring of Ephemeral Luck {rElec MP+9 SInv Stlth+} (You found it on level 6 of the Lair of Beasts)
 27657 | D:12     | Found a staircase to the Orcish Mines.
 27812 | D:12     | Noticed Sonja
 27819 | D:12     | Killed Sonja
 28508 | D:13     | Found a gate to the Vaults.
 28537 | D:13     | Offered knowledge of Iron Shot by Vehumet.
 28545 | D:13     | Learned a level 6 spell: Iron Shot
 28831 | D:13     | Found Kauzaf's Weapon Shop.
 28973 | D:13     | Noticed Azrael
 29281 | D:13     | Reached skill level 5 in Armour
 29528 | D:13     | Killed Azrael
 29921 | Orc:1    | Entered Level 1 of the Orcish Mines
 30019 | Orc:1    | Noticed Josephine
 30032 | Orc:1    | Killed Josephine
 30073 | Orc:1    | Reached XP level 15. HP: 90/96 MP: 6/29
 30206 | Orc:1    | Found a frozen archway.
 30225 | IceCv    | Entered an ice cave
 30956 | IceCv    | Got a coiled iron ring
 31107 | Orc:1    | Identified the ring of the Empire {Ice +Blink rPois} (You found it in an ice cave)
 31314 | Orc:1    | Offered knowledge of Conjure Ball Lightning by Vehumet.
 31899 | Orc:1    | Found a runed door.
 32206 | Orc:2    | Entered Level 2 of the Orcish Mines
 32376 | Orc:2    | Reached skill level 15 in Earth Magic
 32743 | Orc:2    | Noticed Maurice
 32745 | Orc:2    | Killed Maurice
 34124 | Orc:2    | Found Car Goal's Food Shoppe.
 34124 | Orc:2    | Found Ofeel Refa's Gadget Shop.
 34125 | Orc:2    | Found Mommeih's Assorted Antiques.
 34125 | Orc:2    | Found Riet Nulil's Magic Scroll Shoppe.
 34145 | Orc:2    | Bought a scroll of identify for 34 gold pieces
 34145 | Orc:2    | Bought a scroll of identify for 34 gold pieces
 34145 | Orc:2    | Bought a scroll of blinking for 127 gold pieces
 34172 | Orc:2    | Bought a metal-bound book for 465 gold pieces
 34316 | Orc:2    | Offered knowledge of Freezing Cloud by Vehumet.
 34440 | Orc:2    | Found a staircase to the Elven Halls.
 34963 | D:14     | Got a flickering ivory ring
 34964 | D:14     | Identified the ring "Gafeuph" {Int+3 Dex+4} (You found it on level 14 of the Dungeon)
 35764 | D:15     | Entered Level 15 of the Dungeon
 35887 | D:15     | Reached skill level 1 in Shields
 35897 | D:15     | Reached XP level 16. HP: 103/103 MP: 6/31
 36281 | D:15     | Found a snail-covered altar of Cheibriados.
 36282 | D:15     | Found a bloodstained altar of Trog.
 36282 | D:15     | Found an ancient bone altar of Kikubaaqudgha.
 36415 | D:15     | Found a staircase to the Depths.
 37017 | D:15     | Learned a level 2 spell: Blink
 37762 | D:15     | Offered knowledge of Bolt of Cold by Vehumet.
 38767 | Depths:1 | Entered Level 1 of the Depths
 39031 | Depths:1 | Found the ring of Phasing {EV+8}
 39032 | Depths:1 | Got a twitching steel ring
 39033 | Depths:1 | Identified the ring "Veugh" {rN+ AC+1} (You acquired it on level 1 of the Depths)
 39311 | Swamp:1  | Entered Level 1 of the Swamp
 39322 | Swamp:1  | Learned a level 9 spell: Shatter
 39340 | Swamp:1  | Got a heavily runed jade ring
 39341 | Swamp:1  | Identified the ring "Anary" {*Slow +Inv MR+ Int+2 Dex+5} (You acquired it on level 1 of the Swamp)
 39350 | Swamp:1  | Reached XP level 17. HP: 108/108 MP: 32/32
 40715 | Swamp:1  | Reached XP level 18. HP: 33/113 MP: 32/33
 43306 | Swamp:3  | Offered knowledge of Ozocubu's Refrigeration by Vehumet.
 43666 | Swamp:4  | Entered Level 4 of the Swamp
 43688 | Swamp:4  | Upgraded the game from 0.22-a0-848-ge9e22a0 to 0.22-a0-858-g985ef60
 43693 | Swamp:4  | Noticed Meatbag's ghost (adept GnFi)
 43701 | Swamp:4  | Noticed Kirke
 44204 | Swamp:4  | Killed Kirke
 44488 | Swamp:4  | Found a transporter.
 45313 | Swamp:4  | Noticed Roxanne
 45468 | Swamp:4  | Killed Roxanne
 45601 | Swamp:4  | Identified Roxanne's Almanac of Clay (You took it off Roxanne on level 4 of the Swamp)
 45683 | Swamp:4  | Found a transporter.
 45760 | Swamp:4  | Got a decaying rune of Zot
 46124 | Snake:1  | Entered Level 1 of the Snake Pit
 47691 | Snake:2  | Offered knowledge of Spellforged Servitor by Vehumet.
 47956 | Snake:2  | Reached XP level 19. HP: 118/118 MP: 28/34
 48287 | Snake:2  | Found Win Xoeh's General Store.
 48291 | Snake:2  | Bought a potion of magic for 136 gold pieces
 48291 | Snake:2  | Bought a scroll of teleportation for 51 gold pieces
 49365 | Snake:3  | Got a transparent leather armour
 49366 | Snake:3  | Identified the cursed +0 leather armour of Thoughtfulness {-Tele rElec Stlth+} (You found it on level 3 of the Snake Pit)
 49387 | Snake:3  | Found Paneeth's Magic Scroll Shoppe.
 49396 | Snake:3  | Bought a scroll of identify for 36 gold pieces
 49396 | Snake:3  | Bought a scroll of amnesia for 63 gold pieces
 49396 | Snake:3  | Bought a scroll of identify for 36 gold pieces
 49396 | Snake:3  | Bought a scroll of identify for 36 gold pieces
 49396 | Snake:3  | Bought a scroll of identify for 36 gold pieces
 49396 | Snake:3  | Bought a scroll of teleportation for 54 gold pieces
 50364 | Snake:4  | Entered Level 4 of the Snake Pit
 50612 | Snake:4  | Noticed Nikola
 50769 | Snake:4  | Killed Nikola
 52037 | Snake:4  | Got a serpentine rune of Zot
 52412 | Snake:4  | Found Mewnom's Armour Boutique.
 52654 | Vaults:1 | Entered Level 1 of the Vaults
 52928 | Vaults:1 | Found a burning altar of Makhleb.
 52960 | Vaults:1 | Reached ****** piety under Vehumet
 52960 | Vaults:1 | Offered knowledge of Lehudib's Crystal Spear by Vehumet.
 52960 | Vaults:1 | Offered knowledge of Glaciate by Vehumet.
 52960 | Vaults:1 | Offered knowledge of Chain Lightning by Vehumet.
 53320 | Vaults:1 | Reached XP level 20. HP: 125/125 MP: 31/36
 54269 | Vaults:1 | Got a wavering wooden ring
 54362 | Vaults:1 | Found Binoidue's Weapon Emporium.
 55161 | Vaults:2 | Identified the ring "Nieham" {rF+ Int+3 Stlth+} (You took it off a deep elf archer on level 1 of the Vaults)
 55460 | Vaults:2 | Reached skill level 10 in Armour
 55863 | Vaults:2 | Found a staircase to the Crypt.
 56145 | Vaults:2 | Noticed a bone dragon
 56152 | Vaults:2 | Killed a bone dragon
 57344 | Vaults:2 | Learned a level 8 spell: Lehudib's Crystal Spear
 57923 | Vaults:3 | Reached XP level 21. HP: 132/132 MP: 32/37
 59225 | Vaults:3 | Found Ruilidui's Antique Armour Shoppe.
 59238 | Vaults:3 | Bought a heavy robe for 216 gold pieces
 59238 | Vaults:3 | Bought a bloodstained leather armour for 266 gold pieces
 59238 | Vaults:3 | Identified the +2 leather armour "Bittas Moudd" {rPois} (You bought it in a shop on level 3 of the Vaults)
 59240 | Vaults:3 | Identified the +4 robe of Slovenliness {-Tele rN+ MP+9 Dex+8} (You bought it in a shop on level 3 of the Vaults)
 59318 | Vaults:4 | Found Aqiom's Antique Weapon Shoppe.
 59340 | Vaults:4 | Reached skill level 15 in Fighting
 59357 | Vaults:4 | Noticed Saint Roka
 59363 | Vaults:4 | Killed Saint Roka
 59467 | Vaults:4 | Noticed Margery
 59470 | Vaults:4 | Killed Margery
 59692 | Vaults:4 | Noticed Bai Suzhen
 59700 | Vaults:4 | Killed Bai Suzhen
 60225 | Vaults:4 | Reached XP level 22. HP: 140/140 MP: 36/39
 61266 | Vaults:5 | Entered Level 5 of the Vaults
 61452 | Vaults:5 | Noticed an ancient lich
 61456 | Vaults:5 | Killed an ancient lich
 61474 | Vaults:5 | Noticed a golden dragon
 61644 | Vaults:5 | Reached XP level 23. HP: 136/148 MP: 36/41
 61644 | Vaults:5 | Noticed a golden dragon
 61648 | Vaults:5 | Killed a golden dragon
 61653 | Vaults:5 | Killed a golden dragon
 62075 | Vaults:5 | Got a pitted brass ring
 62076 | Vaults:5 | Identified the ring "Xar Ros" {Ice *Corrode Dex+5} (You found it on level 5 of the Vaults)
 62275 | Vaults:5 | Got a silver rune of Zot
 63386 | Vaults:5 | Got an ancient helmet
 63387 | Vaults:5 | Identified the cursed +0 helmet of Imperfection {Str+3} (You found it on level 5 of the Vaults)
 63464 | Vaults:5 | Got a clouded amber ring
 63465 | Vaults:5 | Identified the ring "Reprats" {Fire rPois rN+ Int-4 Dex+7} (You acquired it on level 5 of the Vaults)
 63543 | Crypt:1  | Entered Level 1 of the Crypt
 65284 | Crypt:2  | Reached skill level 15 in Spellcasting
 66406 | Crypt:3  | Entered Level 3 of the Crypt
 66460 | Crypt:3  | Found a basalt altar of Yredelemnul.
 66461 | Crypt:3  | Reached XP level 24. HP: 148/156 MP: 42/42
 66601 | Crypt:3  | Noticed Xtahua
 66608 | Crypt:3  | Killed Xtahua
 66836 | Crypt:3  | Got a bloodstained broad axe
 66852 | Crypt:3  | Identified the cursed +1 broad axe "Giantslayer" {elec, rC- Dex+4 Stlth+} (You found it on level 3 of the Crypt)
 66869 | Crypt:3  | Reached skill level 27 in Earth Magic
 67643 | Crypt:3  | Noticed Jory
 67646 | Crypt:3  | Killed Jory
 67747 | Crypt:3  | Found a staircase to the Tomb.
 67787 | Crypt:3  | Identified Atuntui's Catalogue of Black Rites
 67798 | Crypt:3  | Learned a level 8 spell: Necromutation
 68005 | Crypt:3  | Reached skill level 1 in Transmutations
 68305 | Elf:1    | Entered Level 1 of the Elven Halls
 68363 | Elf:1    | Reached skill level 1 in Necromancy
 68455 | Elf:1    | Found Cyl Dyaw's Book Emporium.
 68830 | Elf:1    | Identified the Grimoire of Calling
 70117 | Elf:2    | Found a runed gate.
 70117 | Elf:2    | Found a runed gate.
 70117 | Elf:2    | Found a runed gate.
 70304 | Elf:3    | Entered Level 3 of the Elven Halls
 70608 | Elf:3    | Reached XP level 25. HP: 160/160 MP: 39/44
 71180 | Elf:3    | Reached skill level 5 in Transmutations
 71182 | Elf:3    | Reached skill level 5 in Necromancy
 71525 | Elf:3    | Got a shimmering jade ring
 71536 | Elf:3    | Identified the ring of the Cockroach {rF- rC+ Int+3 SInv Stlth+} (You took it off a deep elf demonologist on level 3 of the Elven Halls)
 71631 | Elf:3    | Found the +0 pair of fencer's gloves {+Riposte Dex+3}
 71643 | Elf:3    | Identified Ivvymebb's Catalogue of the Supportive Oath
 73385 | Depths:1 | Found Ver Urie's Food Shop.
 73390 | Depths:1 | Bought a ration for 55 gold pieces
 73390 | Depths:1 | Bought a ration for 55 gold pieces
 73390 | Depths:1 | Bought a ration for 55 gold pieces
 73390 | Depths:1 | Bought a ration for 55 gold pieces
 73390 | Depths:1 | Bought a ration for 55 gold pieces
 73390 | Depths:1 | Bought a ration for 55 gold pieces
 73390 | Depths:1 | Bought a ration for 55 gold pieces
 73390 | Depths:1 | Bought a ration for 55 gold pieces
 73390 | Depths:1 | Bought a ration for 55 gold pieces
 73390 | Depths:1 | Bought a ration for 55 gold pieces
 73446 | Depths:1 | Found a gateway to Hell.
 73633 | Depths:1 | Found Orhug's Antique Armour Shoppe.
 73653 | Depths:1 | Bought a pair of runed gloves for 277 gold pieces
 73653 | Depths:1 | Bought a pair of embroidered gloves for 277 gold pieces
 73899 | Depths:1 | Found the +2 Maxwell's thermic engine {flame, freeze}
 73902 | Depths:1 | Found a runed gate.
 73902 | Depths:1 | Found a runed gate.
 73902 | Depths:1 | Found a runed gate.
 74241 | Depths:2 | Reached XP level 26. HP: 153/166 MP: 14/45
 75360 | Depths:2 | Got a steaming buckler
 75361 | Depths:2 | Identified the +0 buckler of Hymixamn {*Corrode +Blink Slay+3} (You found it on level 2 of the Depths)
 75437 | Depths:2 | Found a one-way gate to the infinite horrors of the Abyss.
 75598 | Depths:2 | Found a gateway to a ziggurat.
 75600 | Depths:2 | Gained mutation: You are frail. (-10% HP) [a shining eye]
 75798 | Depths:2 | Got a fabulously ornate robe
 75799 | Depths:2 | Identified the cursed +0 robe "Cinlumm" {rCorr Str+4} (You found it on level 2 of the Depths)
 75929 | Depths:2 | Found a one-way gate leading to the halls of Pandemonium.
 76119 | Depths:3 | Found Vebbas's Food Emporium.
 76142 | Depths:3 | Got an ichor-stained spear
 76183 | Depths:2 | Identified the +8 spear of Zueguepo {flame, rElec rC+ Int+3} (You found it on level 3 of the Depths)
 76345 | Depths:3 | Noticed the Enchantress
 76348 | Depths:3 | Killed the Enchantress
 76401 | Depths:3 | Got faerie dragon scales
 76402 | Depths:3 | Identified the +1 faerie dragon scales {rPois rC+ rCorr MP+9 Int+4} (You took it off the Enchantress on level 3 of the Depths)
 76487 | Depths:3 | Bought a ration for 50 gold pieces
 76487 | Depths:3 | Bought a ration for 50 gold pieces
 76487 | Depths:3 | Bought a ration for 50 gold pieces
 76487 | Depths:3 | Bought a ration for 50 gold pieces
 76487 | Depths:3 | Bought a ration for 50 gold pieces
 76487 | Depths:3 | Bought a ration for 50 gold pieces
 76487 | Depths:3 | Bought a ration for 50 gold pieces
 76487 | Depths:3 | Bought a ration for 50 gold pieces
 76487 | Depths:3 | Bought a ration for 50 gold pieces
 76487 | Depths:3 | Bought a ration for 50 gold pieces
 76645 | Depths:3 | Noticed Jorgrun
 76647 | Depths:3 | Killed Jorgrun
 77158 | Depths:3 | Got a brightly glowing pewter amulet
 77161 | Depths:3 | Identified the amulet of Suppet {Harm *Drain rPois Dex+7} (You took it off a yaktaur on level 3 of the Depths)
 77480 | Swamp:4  | Killed Meatbag's ghost
 77480 | Swamp:4  | Reached skill level 10 in Transmutations
 77969 | D:4      | Killed nikopol's ghost
 78461 | Depths:3 | Reached skill level 10 in Necromancy
 78831 | Depths:3 | Found a corrupted altar of Lugonu.
 79856 | Depths:4 | Reached XP level 27. HP: 154/154 MP: 31/46
 80598 | Depths:5 | Entered Level 5 of the Depths
 81054 | Depths:5 | Got a faintly glowing pewter ring
 81055 | Depths:5 | Identified the ring "Sunurufe" {rCorr rF- Int+7 Dex+3} (You found it on level 5 of the Depths)
 81058 | Depths:5 | Found a gate to the Realm of Zot.
 81086 | Depths:5 | Found a huge runed gate.
 81086 | Depths:5 | Found a huge runed gate.
 81086 | Depths:5 | Found a huge runed gate.
 81087 | Depths:5 | Found a huge runed gate.
 81089 | Depths:5 | Found a magical portal.
 81090 | Depths:5 | Found a huge runed gate.
 81090 | Depths:5 | Identified the Reference Book on Aid and the Mountains
 81092 | Depths:5 | Found a huge runed gate.
 81092 | Depths:5 | Found a huge runed gate.
 81093 | Depths:5 | Found a huge runed gate.
 81094 | Depths:5 | Found a huge runed gate.
 81095 | Depths:5 | Found a huge runed gate.
 81096 | Depths:5 | Found a huge runed gate.
 81097 | Depths:5 | Found a huge runed gate.
 81109 | WizLab   | Entered The Roulette of Golubria
 81109 | WizLab   | Found a transporter.
 81148 | WizLab   | Found a corrupted altar of Lugonu.
 81152 | WizLab   | Found a transporter.
 81156 | WizLab   | Found a transporter.
 81162 | WizLab   | Found a corrupted altar of Lugonu.
 81184 | WizLab   | Found a transporter.
 81188 | WizLab   | Found a transporter.
 81356 | WizLab   | Found a transporter.
 81376 | WizLab   | Got a spiked cloak
 81377 | WizLab   | Identified the +2 cloak of Analysis {+Fly rC++ rN+ Int-5} (You found it in a wizard's laboratory)
 81383 | WizLab   | Identified Golubria's Compendium of Dislocation
 81395 | WizLab   | Got a pitted cloak
 81398 | WizLab   | Identified the +0 cloak of Starshine {Int+4} (You found it in a wizard's laboratory)
 81403 | WizLab   | Got a distressingly furry cloak
 81404 | WizLab   | Identified the +0 cloak of the Dropbear {rC+ Int+4 Dex+2} (You found it in a wizard's laboratory)
 81495 | WizLab   | Found a transporter.
 81595 | WizLab   | Found a transporter.
 81606 | WizLab   | Found a transporter.
 81761 | WizLab   | Found a transporter.
 81761 | WizLab   | Found a transporter.
 81861 | WizLab   | Found a transporter.
 81972 | WizLab   | Found a transporter.
 81974 | WizLab   | Found a transporter.
 82114 | WizLab   | Got a bound lapis lazuli ring
 82115 | WizLab   | Identified the ring of Nehehuat {rPois rF++ rN+ Str-2 Int+4} (You took it off an efreet in a wizard's laboratory)
 82119 | WizLab   | Found a transporter.
 82183 | WizLab   | Found a transporter.
 82186 | WizLab   | Found a transporter.
 82269 | WizLab   | Found a transporter.
 82435 | Depths:5 | Found a huge runed gate.
 83033 | Depths:5 | Found a huge runed gate.
 83033 | Depths:5 | Found a huge runed gate.
 83033 | Depths:5 | Found a huge runed gate.
 83033 | Depths:5 | Found a huge runed gate.
 83033 | Depths:5 | Found a huge runed gate.
 83033 | Depths:5 | Found a huge runed gate.
 83033 | Depths:5 | Found a huge runed gate.
 83034 | Depths:5 | Found a huge runed gate.
 83035 | Depths:5 | Found a huge runed gate.
 83043 | Depths:5 | Found a huge runed gate.
 83043 | Depths:5 | Found a huge runed gate.
 83043 | Depths:5 | Found a huge runed gate.
 83043 | Depths:5 | Found a huge runed gate.
 83043 | Depths:5 | Found a huge runed gate.
 83043 | Depths:5 | Found a huge runed gate.
 83043 | Depths:5 | Found a huge runed gate.
 83210 | Zot:1    | Entered Level 1 of the Realm of Zot
 83549 | Zot:1    | Got a smoking golden ring
 83573 | Zot:1    | Identified the ring "Luimuh" {Str+3 Int+4} (You took it off a yellow draconian on level 1 of the Realm of Zot)
 85713 | Zot:1    | Noticed an orb of fire
 85723 | Zot:1    | Killed an orb of fire
 85820 | Zot:2    | Noticed an orb of fire
 85823 | Zot:2    | Killed an orb of fire
 86393 | Zot:1    | Reached skill level 15 in Transmutations
 86597 | Zot:1    | Found a transporter.
 86730 | Zot:1    | Reached skill level 15 in Necromancy
 86905 | Zot:1    | Found a transporter.
 86928 | Zot:1    | Noticed an orb of fire
 86929 | Zot:1    | Noticed an orb of fire
 86933 | Zot:1    | Noticed an orb of fire
 86939 | Zot:1    | Gained mutation: You are clumsy. (Dex -2) [an orb of fire]
 87447 | Zot:1    | Killed an orb of fire
 87776 | Zot:1    | Killed an orb of fire
 87864 | Zot:1    | Got a sparkling glass ring
 87882 | Zot:1    | Got a steaming brass ring
 88202 | Zot:2    | Identified the ring "Xanorog" {rElec rPois rN+ Stlth+} (You found it on level 1 of the Realm of Zot)
 88369 | Zot:2    | Noticed an orb of fire
 88374 | Zot:2    | Killed an orb of fire
 90333 | Depths:2 | Lost mutation: You are clumsy. (Dex -2) [potion of mutation]
 90333 | Depths:2 | Lost mutation: You are frail. (-10% HP) [potion of mutation]
 90333 | Depths:2 | Gained mutation: You are robust. (+10% HP) [potion of mutation]
 90333 | Depths:2 | Gained mutation: Your magical capacity is low. (-10% MP) [potion of mutation]
 90333 | Depths:2 | Gained mutation: You are very robust. (+20% HP) [potion of mutation]
 90334 | Depths:2 | Lost mutation: Your magical capacity is low. (-10% MP) [potion of mutation]
 90334 | Depths:2 | Lost mutation: You are very robust. (+20% HP) [potion of mutation]
 90334 | Depths:2 | Gained mutation: Your flesh is cold resistant. (rC+) [potion of mutation]
 90334 | Depths:2 | Gained mutation: You are partially covered in icy blue scales. (AC +2) [potion of mutation]
 90334 | Depths:2 | Gained mutation: You possess an exceptional clarity of mind. [potion of mutation]
 90668 | Slime:1  | Entered Level 1 of the Pits of Slime
 90751 | Slime:1  | Reached skill level 1 in Evocations
 90944 | Slime:2  | Paralysed by a floating eye for 4 turns
 91413 | Slime:5  | Entered Level 5 of the Pits of Slime
 91486 | Slime:5  | Noticed the Royal Jelly
 91488 | Slime:5  | Reached skill level 5 in Evocations
 91494 | Slime:5  | Killed the Royal Jelly
 91822 | Slime:5  | Found the ring of the Mage {Wiz MR++ Int+3}
 91823 | Slime:5  | Got a twitching brass ring
 91838 | Slime:5  | Got a slimy rune of Zot
 91878 | Slime:5  | Got a smoking short sword
 91921 | Slime:5  | Identified the Collected Works on Heat and Lightness
 92347 | Zig:1    | Entered Level 1 of a ziggurat
 92379 | Zig:2    | Entered Level 2 of a ziggurat
 92418 | Zig:3    | Entered Level 3 of a ziggurat
 92433 | Zig:3    | Got a twitching silver ring
 92478 | Zig:3    | Identified the ring "Ecsackogg" {Int+2 SInv} (You found it on level 3 of a ziggurat)
 92499 | Zig:4    | Entered Level 4 of a ziggurat
 92545 | Zig:4    | Got a faintly glowing platinum ring
 92547 | Zig:4    | Identified the Incunabulum of Frigorific Calling
 92563 | Zig:5    | Entered Level 5 of a ziggurat
 92655 | Zig:6    | Entered Level 6 of a ziggurat
 92746 | Zig:7    | Entered Level 7 of a ziggurat
 92789 | Zig:7    | Identified the ring of Hiffiak {rElec rC- rN+ Str+5 Dex+3} (You found it on level 4 of a ziggurat)
 92816 | Zig:8    | Entered Level 8 of a ziggurat
 92857 | Zig:8    | Got a flickering brass amulet
 92865 | Zig:8    | Got a sparkling glass ring
 92879 | Zig:8    | Learned a level 9 spell: Glaciate
 92896 | Zig:9    | Entered Level 9 of a ziggurat
 92903 | Zig:9    | Noticed a greater mummy
 92905 | Zig:9    | Reached skill level 1 in Ice Magic
 92905 | Zig:9    | Noticed a greater mummy
 92907 | Zig:9    | Killed a greater mummy
 92908 | Zig:9    | Killed a greater mummy
 92932 | Zig:9    | Got a pair of heavily runed boots
 92961 | Zig:10   | Entered Level 10 of a ziggurat
 93014 | Zig:10   | Got a glittering bronze ring
 93018 | Zig:10   | Identified Zyacs's Handbook of Transmutation and the Arsonist
 93041 | Zig:11   | Entered Level 11 of a ziggurat
 93050 | Zig:11   | Reached skill level 5 in Ice Magic
 93071 | Zig:11   | Identified Beefois's Almanac of the Torrid Entourage
 93108 | Zig:12   | Entered Level 12 of a ziggurat
 93118 | Zig:12   | Noticed a juggernaut
 93119 | Zig:12   | Noticed a juggernaut
 93120 | Zig:12   | Noticed a juggernaut
 93120 | Zig:12   | Noticed a juggernaut
 93120 | Zig:12   | Noticed a juggernaut
 93121 | Zig:12   | Killed a juggernaut
 93121 | Zig:12   | Reached skill level 10 in Evocations
 93122 | Zig:12   | Killed a juggernaut
 93122 | Zig:12   | Killed a juggernaut
 93122 | Zig:12   | Killed a juggernaut
 93122 | Zig:12   | Killed a juggernaut
 93132 | Zig:12   | Identified Yjemah's Compendium of Shifting Companions
 93313 | Zig:13   | Entered Level 13 of a ziggurat
 93462 | Zig:13   | Identified the cursed +0 pair of boots of Dramatic Exits {Int+2} (You found it on level 9 of a ziggurat)
 93506 | Zig:14   | Entered Level 14 of a ziggurat
 93521 | Zig:14   | Noticed Cumac the pandemonium lord
 93527 | Zig:14   | Killed Cumac the pandemonium lord
 93528 | Zig:14   | Reached skill level 10 in Ice Magic
 93553 | Zig:14   | Identified the Compendium of Bewitchment and Dislocation
 93559 | Zig:14   | Identified the amulet "Muacsiv" {Gourm +Inv Str+6 Int-4} (You found it on level 8 of a ziggurat)
 93561 | Zig:14   | Identified the ring "Ujegomuw" {*Slow rElec rPois Str+5} (You found it on level 5 of the Pits of Slime)
 93735 | Zig:15   | Entered Level 15 of a ziggurat
 93747 | Zig:15   | Reached skill level 15 in Evocations
 93795 | Zig:15   | Identified Muroul's Catalogue of the Glacier
 93895 | Zig:16   | Entered Level 16 of a ziggurat
 93924 | Zig:16   | Found the +9 scales of the Dragon King {rPois rF+ rC+ MR+}
 93950 | Zig:16   | Identified the Volume of Transmutation
 93976 | Zig:16   | Identified the ring "Fapesk" {Wiz rElec rN+ Str+3 Dex+6} (You found it on level 10 of a ziggurat)
 93995 | Zig:17   | Entered Level 17 of a ziggurat
 94208 | Zig:17   | Got an ancient amber ring
 94259 | Zig:18   | Entered Level 18 of a ziggurat
 94531 | Zig:19   | Entered Level 19 of a ziggurat
 94549 | Zig:19   | Noticed an ancient lich
 94550 | Zig:19   | Killed an ancient lich
 94552 | Zig:19   | Noticed an ancient lich
 94554 | Zig:19   | Killed an ancient lich
 94554 | Zig:19   | Reached skill level 15 in Ice Magic
 94555 | Zig:19   | Noticed an ancient lich
 94557 | Zig:19   | Killed an ancient lich
 94598 | Zig:19   | Identified the Incunabulum of Doomed Moulding
 94607 | Zig:19   | Identified Xeunnirph's Disquisition on Cold and Transformation
 94623 | Zig:19   | Identified the Almanac of the Forest
 94625 | Zig:19   | Identified Doboym's Catalogue of Noxious Stones
 94634 | Zig:19   | Got a pair of blackened gloves
 94643 | Zig:20   | Entered Level 20 of a ziggurat
 94663 | Zig:20   | Reached skill level 5 in Shields
 94665 | Zig:20   | Reached skill level 15 in Armour
 94686 | Zig:20   | Got a smoking glass ring
 94714 | Zig:20   | Identified the +0 pair of gloves of Shadows and Fog {Slay+3} (You found it on level 19 of a ziggurat)
 94721 | Zig:20   | Got an encrusted helmet
 94737 | Zig:20   | Got a shimmering ivory ring
 94743 | Zig:21   | Entered Level 21 of a ziggurat
 94799 | Zig:21   | Found the brooch of Shielding {Reflect SH+8}
 94799 | Zig:21   | Found the +0 Maxwell's etheric cage {RegenMP+ *Contam rElec MP+4}
 94807 | Zig:21   | Identified the Tome of Feathers
 94826 | Zig:21   | Identified the Tome of the Oath and Transmutation
 94888 | Zig:22   | Entered Level 22 of a ziggurat
 94909 | Zig:22   | Reached skill level 10 in Shields
 94968 | Zig:22   | Identified the Grimoire of Assistive Clay
 94980 | Zig:22   | Got a glittering ivory ring
 94981 | Zig:22   | Identified the +0 helmet of Awe {rPois Int+4} (You found it on level 20 of a ziggurat)
 94983 | Zig:22   | Identified the ring "Gymew" {Str+2 Int+2} (You found it on level 8 of a ziggurat)
 95006 | Zig:23   | Entered Level 23 of a ziggurat
 95029 | Zig:23   | Noticed an ancient lich
 95031 | Zig:23   | Killed an ancient lich
 95033 | Zig:23   | Noticed an ancient lich
 95034 | Zig:23   | Noticed an ancient lich
 95035 | Zig:23   | Killed an ancient lich
 95036 | Zig:23   | Killed an ancient lich
 95094 | Zig:23   | Got a steaming ivory ring
 95096 | Zig:23   | Identified the Collected Works on Supportive Displacement
 95112 | Zig:23   | Got a colourful robe
 95139 | Zig:24   | Entered Level 24 of a ziggurat
 95154 | Zig:24   | Noticed a juggernaut
 95155 | Zig:24   | Noticed a juggernaut
 95155 | Zig:24   | Noticed a juggernaut
 95157 | Zig:24   | Killed a juggernaut
 95158 | Zig:24   | Killed a juggernaut
 95158 | Zig:24   | Killed a juggernaut
 95158 | Zig:24   | Noticed a juggernaut
 95159 | Zig:24   | Noticed a juggernaut
 95160 | Zig:24   | Noticed a juggernaut
 95162 | Zig:24   | Killed a juggernaut
 95162 | Zig:24   | Noticed a juggernaut
 95163 | Zig:24   | Killed a juggernaut
 95163 | Zig:24   | Noticed a juggernaut
 95164 | Zig:24   | Killed a juggernaut
 95164 | Zig:24   | Killed a juggernaut
 95166 | Zig:24   | Noticed a juggernaut
 95167 | Zig:24   | Killed a juggernaut
 95168 | Zig:24   | Killed a juggernaut
 95169 | Zig:24   | Noticed a juggernaut
 95173 | Zig:24   | Killed a juggernaut
 95187 | Zig:24   | Got a jewelled shield
 95198 | Zig:24   | Identified the +4 robe of the Leaf {Str+4} (You found it on level 23 of a ziggurat)
 95207 | Zig:24   | Got a coiled ivory ring
 95229 | Zig:25   | Entered Level 25 of a ziggurat
 95288 | Zig:25   | Reached skill level 15 in Shields
 95396 | Zig:25   | Got a clouded graven amulet
 95412 | Zig:25   | Got a pair of translucent boots
 95437 | Zig:26   | Entered Level 26 of a ziggurat
 95489 | Zig:26   | Found the amulet of the Four Winds {rN+ MR+++ Clar}
 95493 | Zig:26   | Identified the +2 shield of the Depths {MR+} (You found it on level 24 of a ziggurat)
 95494 | Zig:26   | Identified the +2 pair of boots of the Evening {+Inv Slay+5} (You found it on level 25 of a ziggurat)
 95506 | Zig:26   | Identified the amulet "Gohozuf" {Spirit MR+} (You found it on level 25 of a ziggurat)
 95508 | Zig:26   | Identified the ring "Yllit" {AC+1 Int+4} (You found it on level 20 of a ziggurat)
 95510 | Zig:26   | Identified the ring of Jebraz {*Tele Str+4 SInv} (You found it on level 23 of a ziggurat)
 95513 | Zig:26   | Got a bound turquoise ring
 95558 | Zig:27   | Entered Level 27 of a ziggurat
 96085 | Hell     | Entered the Vestibule of Hell
 96085 | Hell     | Noticed Geryon
 96090 | Hell     | Killed Geryon
 96225 | Hell     | Found a gateway to the decaying netherworld of Tartarus.
 96717 | Tomb:1   | Entered Level 1 of the Tomb of the Ancients
 96796 | Tomb:1   | Identified the ring "Rustriofra" {rPois SInv} (You found it on level 26 of a ziggurat)
 96866 | Tomb:1   | Noticed a greater mummy
 96870 | Tomb:1   | Killed a greater mummy
 96872 | Tomb:1   | Noticed a greater mummy
 96886 | Tomb:1   | Noticed a greater mummy
 96935 | Tomb:1   | Noticed a greater mummy
 96942 | Tomb:1   | Killed a greater mummy
 97092 | Tomb:1   | Killed a greater mummy
 97428 | Tomb:1   | Noticed a greater mummy
 97432 | Tomb:1   | Killed a greater mummy
 97432 | Tomb:1   | Noticed a greater mummy
 97442 | Tomb:1   | Killed a greater mummy
 97561 | Tomb:1   | Noticed a greater mummy
 97565 | Tomb:1   | Killed a greater mummy
 97686 | Tomb:1   | Noticed a greater mummy
 97692 | Tomb:1   | Killed a greater mummy
 97732 | Tomb:1   | Noticed a greater mummy
 97736 | Tomb:1   | Killed a greater mummy
 97738 | Tomb:1   | Noticed a greater mummy
 97745 | Tomb:1   | Killed a greater mummy
 97798 | Tomb:1   | Noticed a greater mummy
 97803 | Tomb:1   | Killed a greater mummy
 97803 | Tomb:1   | Killed a greater mummy
 97922 | Tomb:1   | Noticed a greater mummy
 97928 | Tomb:1   | Killed a greater mummy
 97995 | Tomb:1   | Noticed a greater mummy
 98002 | Tomb:1   | Killed a greater mummy
 98042 | Tomb:1   | Noticed a greater mummy
 98047 | Tomb:1   | Killed a greater mummy
 98055 | Tomb:1   | Noticed a greater mummy
 98055 | Tomb:1   | Noticed a greater mummy
 98059 | Tomb:1   | Killed a greater mummy
 98059 | Tomb:1   | Killed a greater mummy
 98160 | Tomb:1   | Noticed a greater mummy
 98165 | Tomb:1   | Killed a greater mummy
 98332 | Tomb:2   | Noticed a greater mummy
 98336 | Tomb:2   | Noticed a greater mummy
 98338 | Tomb:2   | Killed a greater mummy
 98340 | Tomb:2   | Killed a greater mummy
 98344 | Tomb:2   | Noticed a greater mummy
 98348 | Tomb:2   | Noticed a greater mummy
 98349 | Tomb:2   | Killed a greater mummy
 98353 | Tomb:2   | Killed a greater mummy
 98496 | Tomb:2   | Learned a level 3 spell: Regeneration
 99082 | Tomb:3   | Entered Level 3 of the Tomb of the Ancients
 99098 | Tomb:3   | Noticed a greater mummy
 99098 | Tomb:3   | Noticed a greater mummy
 99098 | Tomb:3   | Noticed a greater mummy
 99103 | Tomb:3   | Killed a greater mummy
 99103 | Tomb:3   | Killed a greater mummy
 99103 | Tomb:3   | Noticed a greater mummy
 99107 | Tomb:3   | Killed a greater mummy
 99108 | Tomb:3   | Killed a greater mummy
 99132 | Tomb:3   | Noticed a greater mummy
 99137 | Tomb:3   | Killed a greater mummy
 99311 | Tomb:3   | Identified the Collected Works on Nocuous Enhancements
 99330 | Tomb:3   | Noticed a greater mummy
 99337 | Tomb:3   | Killed a greater mummy
 99400 | Tomb:3   | Identified the ring of Asoutax {Fire Dex+7} (You found it on level 24 of a ziggurat)
 99447 | Tomb:3   | Got a slimy jade amulet
 99455 | Tomb:3   | Identified the Incunabulum of the Monk
 99492 | Tomb:3   | Got a slimy amber ring
 99523 | Tomb:3   | Noticed a greater mummy
 99525 | Tomb:3   | Noticed a greater mummy
 99529 | Tomb:3   | Killed a greater mummy
 99532 | Tomb:3   | Killed a greater mummy
 99583 | Tomb:3   | Noticed a greater mummy
 99591 | Tomb:3   | Killed a greater mummy
 99735 | Tomb:3   | Got a golden rune of Zot
 99768 | Tomb:3   | Noticed Frederick
 99772 | Tomb:3   | Killed Frederick
100240 | Zig:1    | Entered Level 1 of a ziggurat
100267 | Zig:2    | Entered Level 2 of a ziggurat
100313 | Zig:2    | Got a pair of warped boots
100331 | Zig:3    | Entered Level 3 of a ziggurat
100379 | Zig:4    | Entered Level 4 of a ziggurat
100412 | Zig:5    | Entered Level 5 of a ziggurat
100464 | Zig:6    | Entered Level 6 of a ziggurat
100470 | Zig:6    | Noticed an ancient lich
100470 | Zig:6    | Noticed an ancient lich
100473 | Zig:6    | Killed an ancient lich
100473 | Zig:6    | Killed an ancient lich
100511 | Zig:7    | Entered Level 7 of a ziggurat
100567 | Zig:7    | Identified the +1 pair of boots of Protective Custody {rN++ Str+4 Dex-4 SInv} (You found it on level 2 of a ziggurat)
100569 | Zig:7    | Identified the amulet "Qeysuew" {+Rage Int+4} (You found it on level 3 of the Tomb of the Ancients)
100571 | Zig:7    | Identified the ring "Vonk" {rN+ Stlth+} (You found it on level 3 of the Tomb of the Ancients)
100590 | Zig:8    | Entered Level 8 of a ziggurat
100602 | Zig:8    | Reached skill level 27 in Evocations
100617 | Zig:8    | Identified the ring "Kisao" {rElec rC+ MR- Int+4 Stlth+} (You found it on level 1 of the Realm of Zot)
100619 | Zig:8    | Identified Reiqoit's Catalogue of Excruciating Unholy Magic
100624 | Zig:8    | Got a bound glass ring
100643 | Zig:9    | Entered Level 9 of a ziggurat
100706 | Zig:10   | Entered Level 10 of a ziggurat
100722 | Zig:10   | Found the amulet of Vitality {Regen+ HP+15}
100794 | Zig:11   | Entered Level 11 of a ziggurat
100815 | Zig:11   | Noticed Juok the pandemonium lord
100817 | Zig:11   | Noticed Kegoa the pandemonium lord
100821 | Zig:11   | Killed Kegoa the pandemonium lord
100824 | Zig:11   | Killed Juok the pandemonium lord
100879 | Zig:12   | Entered Level 12 of a ziggurat
100992 | Zig:12   | Reached skill level 27 in Fighting
101011 | Zig:13   | Entered Level 13 of a ziggurat
101050 | Zig:13   | Got a transparent turquoise ring
101055 | Zig:13   | Got a shimmering ruby amulet
101057 | Zig:13   | Identified the amulet "Ograaxe" {Inacc MR+ Dex+4} (You found it on level 13 of a ziggurat)
101059 | Zig:13   | Identified the ring "Kiptisch" {Wiz Dex+6} (You found it on level 8 of a ziggurat)
101076 | Zig:14   | Entered Level 14 of a ziggurat
101112 | Zig:14   | Got a sparkling silver ring
101123 | Zig:14   | Identified the ring of the Peculiar Lives {+Inv rC+ Str+2 Slay+2} (You found it on level 14 of a ziggurat)
101126 | Zig:14   | Got a brightly glowing marble ring
101146 | Zig:15   | Entered Level 15 of a ziggurat
101171 | Zig:16   | Entered Level 16 of a ziggurat
101507 | Zig:16   | Noticed a greater mummy
101507 | Zig:16   | Noticed a greater mummy
101508 | Zig:16   | Noticed a greater mummy
101509 | Zig:16   | Noticed a greater mummy
101510 | Zig:16   | Killed a greater mummy
101510 | Zig:16   | Noticed a greater mummy
101511 | Zig:16   | Killed a greater mummy
101511 | Zig:16   | Killed a greater mummy
101511 | Zig:16   | Noticed a greater mummy
101512 | Zig:16   | Killed a greater mummy
101513 | Zig:16   | Killed a greater mummy
101516 | Zig:16   | Noticed a greater mummy
101516 | Zig:16   | Noticed a greater mummy
101517 | Zig:16   | Killed a greater mummy
101518 | Zig:16   | Noticed a greater mummy
101520 | Zig:16   | Killed a greater mummy
101521 | Zig:16   | Killed a greater mummy
101521 | Zig:16   | Killed a greater mummy
101545 | Zig:16   | Got a crude pewter ring
101550 | Zig:16   | Got a tattered robe
101556 | Zig:16   | Identified the Tome of Ice and Self-Improvement
101585 | Zig:17   | Entered Level 17 of a ziggurat
101639 | Zig:17   | Identified the Volume of the Unstable Volcanoes
101645 | Zig:17   | Got a shimmering steel ring
101653 | Zig:17   | Identified the +1 robe "Edwituf" {SInv} (You found it on level 16 of a ziggurat)
101655 | Zig:17   | Identified the ring "Vysioddeeri" {Ice rElec Str+5 Int-5} (You found it on level 14 of a ziggurat)
101657 | Zig:17   | Identified the ring "Sevigoaz" {Wiz Int+6} (You found it on level 13 of a ziggurat)
101697 | Zig:18   | Entered Level 18 of a ziggurat
101725 | Zig:18   | Found the +4 dagger "Morg" {pain, MR+ Int+5}
101743 | Zig:18   | Identified the ring of Jaluh {*Tele +Blink rF- rC+++ Str-3} (You found it on level 16 of a ziggurat)
101746 | Zig:18   | Identified the Compendium of the Mutagenic Arsonist
101763 | Zig:18   | Identified the ring of Hikag {rElec Str+3 Int+3 Dex+4} (You found it on level 17 of a ziggurat)
101788 | Zig:19   | Entered Level 19 of a ziggurat
101858 | Zig:19   | Identified the Handbook of Boosts and Calling
101861 | Zig:19   | Identified the Disquisition on Icy Transmutation
101889 | Zig:20   | Entered Level 20 of a ziggurat
101934 | Zig:20   | Identified the Papyrus of Hexes and Flight
101958 | Zig:20   | Got a bound steel ring
101961 | Zig:20   | Got a crude golden ring
101962 | Zig:20   | Identified the ring of Cosm {-Tele +Inv rPois rN+ Stlth+} (You found it on level 20 of a ziggurat)
101964 | Zig:20   | Identified the ring of Edijoygg {rPois rF+ Str+6 Int+3} (You found it on level 20 of a ziggurat)
101979 | Zig:21   | Entered Level 21 of a ziggurat
101989 | Zig:21   | Noticed a juggernaut
101993 | Zig:21   | Killed a juggernaut
102007 | Zig:21   | Found the +5 demon whip "Spellbinder" {antimagic, MR+}
102029 | Zig:21   | Identified the Incunabulum of Venom
102035 | Zig:21   | Identified the ring "Jemn" {*Tele rC+ Int+2 Stlth+} (You found it on level 20 of a ziggurat)
102053 | Zig:21   | Identified the ring of Navuegarr {rC+ Str+4 Int+5 SInv} (You found it on level 22 of a ziggurat)
102055 | Zig:21   | Identified the ring "Huude" {Str+4 Stlth+} (You found it on level 17 of a ziggurat)
102082 | Zig:22   | Entered Level 22 of a ziggurat
102094 | Zig:22   | Reached skill level 27 in Spellcasting
102162 | Zig:22   | Got a fine golden amulet
102169 | Zig:22   | Identified the amulet of Upliuhaz {Reflect *Slow rPois rF+ SH+3} (You found it on level 22 of a ziggurat)
102174 | Zig:22   | Got a transparent pewter amulet
102176 | Zig:22   | Identified the amulet of Lekuexest {RegenMP rN+ Str+2 Stlth+} (You found it on level 22 of a ziggurat)
102181 | Zig:22   | Identified the Collected Works on Boosting Contamination
102200 | Zig:22   | Identified the Catalogue of the Oath
102205 | Zig:22   | Got a smoking shield
102228 | Zig:23   | Entered Level 23 of a ziggurat
102261 | Zig:23   | Found the +6 Majin-Bo {vamp, Archmagi MP+6 Int+6}
102272 | Zig:23   | Identified the +3 shield of Ukoar {Str+5} (You acquired it on level 22 of a ziggurat)
102382 | Zig:24   | Entered Level 24 of a ziggurat
102496 | Zig:24   | Noticed an ancient lich
102501 | Zig:24   | Killed an ancient lich
102533 | Zig:24   | Paralysed by accursed screaming for 1 turns
102629 | Zig:24   | Found the +4 robe of Augmentation {Str+4 Int+4 Dex+4}
102632 | Zig:24   | Found the +7 sceptre of Torment
102642 | Zig:25   | Entered Level 25 of a ziggurat
102652 | Zig:25   | Noticed Toow the pandemonium lord
102658 | Zig:25   | Killed Toow the pandemonium lord
102658 | Zig:25   | Noticed Fawko the pandemonium lord
102662 | Zig:25   | Noticed Byseahua the pandemonium lord
102663 | Zig:25   | Killed Fawko the pandemonium lord
102672 | Zig:25   | Noticed Tiah the pandemonium lord
102672 | Zig:25   | Noticed Gerphaonn the pandemonium lord
102673 | Zig:25   | Noticed Useopn the pandemonium lord
102676 | Zig:25   | Noticed Rylel the pandemonium lord
102676 | Zig:25   | Noticed Byinimu the pandemonium lord
102676 | Zig:25   | Noticed Beapsa the pandemonium lord
102677 | Zig:25   | Noticed Wyrph the pandemonium lord
102677 | Zig:25   | Noticed Wicroofe the pandemonium lord
102677 | Zig:25   | Noticed Tootyoma the pandemonium lord
102677 | Zig:25   | Noticed Guuj the pandemonium lord
102677 | Zig:25   | Noticed Lepyr the pandemonium lord
102677 | Zig:25   | Killed Gerphaonn the pandemonium lord
102677 | Zig:25   | Noticed Neocexteddy the pandemonium lord
102679 | Zig:25   | Noticed Qesocaeg the pandemonium lord
102679 | Zig:25   | Noticed Fiowiuff the pandemonium lord
102680 | Zig:25   | Noticed Qoetil the pandemonium lord
102680 | Zig:25   | Noticed Modiff the pandemonium lord
102680 | Zig:25   | Noticed Anes the pandemonium lord
102680 | Zig:25   | Noticed Voangablepp the pandemonium lord
102680 | Zig:25   | Noticed Ranuast the pandemonium lord
102680 | Zig:25   | Noticed Sausief the pandemonium lord
102680 | Zig:25   | Noticed Xunt the pandemonium lord
102680 | Zig:25   | Noticed Beiwilif the pandemonium lord
102680 | Zig:25   | Noticed Umuss the pandemonium lord
102691 | Zig:25   | Killed Guuj the pandemonium lord
102701 | Depths:1 | Killed from afar by Voangablepp the pandemonium lord

Vault maps used:
D:1:      evilmike_arrival_run_for_it
D:2:      lemuel_round_altar
D:3:      nicolae_overflow_hidden_temple, lemuel_round_altar, uniq_robin,
          uniq_sigmund, uniq_crazy_yiuf_cottage
D:4:      gammafunk_ghost_stat_death
D:5:      wad_lake_hut, serial_shops, shop_scrolls, first_ration, uniq_grinder
D:6:      minmay_temple_entry_trees, cheibrodos_sewer_entry_bend
D:7:      marbit_many_paths, uniq_joseph, uniq_menkaure
D:8:      dk_yredelemnul_ordeal, uniq_psyche
D:9:      gammafunk_temple_overflow_wave, serial_shops, kennysheep_little_box,
          serial_ice, serial_ice_d, serial_ice_e, serial_ice_g, serial_ice_l,
          serial_ice_o, serial_ice_m, serial_ice_b, serial_ice_h
D:10:     david_lair_shrubbed, grunt_ogre_cave, uniq_erica
D:12:     orc_0_dummy, uniq_sonja
D:13:     erik_vaults_1, serial_shops, shop_fountains, uniq_azrael
D:14:     serial_glass, glass_columns_b, glass_columns_c
D:15:     hangedman_slaughterboxes
Temple:   eino_temple_scatter_basement
Lair:1:   serial_bayou_shore_b, grunt_megastairs_2, serial_bayou_shore_b
Lair:2:   guppyfry_snake_entry_garden, lemuel_fruit_fields
Lair:3:   swamp_mist_pool, minivault_24, infiniplex_staircase_pool,
          minmay_lair_oklob_chamber, grunt_megastairs_4, serial_bayou_shore_b,
          lemuel_fruit_fields, uniq_gastronok
Lair:4:   small_statue_intersection, infiniplex_staircase_pool_2
Lair:5:   minmay_slime_entry_jelly_boxes, grunt_forest_large_clearing_hut
Lair:6:   cheibrodos_lair_end_hotspot
Swamp:1:  evilmike_swamp_ruin_house_3
Swamp:2:  evilmike_swamp_ruin_house_4, swamp_pool5, hangedman_swamp_lotus
Swamp:3:  evilmike_swamp_ruin_house_5, swamp_pool1
Swamp:4:  swamp_fiery, gammafunk_ghost_arena, uniq_kirke, uniq_roxanne
Snake:2:  serial_shops, shop, hangedman_snake_wide_pillar_pass,
          statue_in_the_mist_lemuel
Snake:3:  serial_shops, shop_statue
Snake:4:  snake_pit, serial_shops, nicolae_shop_behind_doors, st_stairs_7,
          uniq_nikola
Slime:3:  cheibrodos_slime_lost_civilization_5
Orc:1:    special_room, portal_ice_cave_entry_imps, lightli_church_of_beogh,
          uniq_josephine
Orc:2:    st_orc_ogre_mass, uniq_maurice
Elf:1:    minmay_elf_arrival_plus, serial_shops, shop, minmay_elf_demonology,
          minmay_strange_pillars
Elf:3:    minmay_elf_hall_x
Vaults:1: hangedman_vaults_locks, hangedman_vaults_nodes, grunt_vaults_diagonal,
          nicolae_vaults_network_periphery, ontoclasm_vaults_chip, v_misc_13,
          ontoclasm_vaults_hangar, hangedman_vaults_impose, vaults_room_boxed,
          v_misc_30, ontoclasm_vaults_ring_small, vaults_room_hallway,
          basic_altar, serial_shops, shop
Vaults:2: minmay_crypt_entry_nasty_monster, nicolae_vaults_disjoint_gnomons,
          grunt_vaults_trifunnel, hangedman_vaults_cutoff, v_pattern_4,
          vaults_mumra_hexcomb, nicolae_vaults_specimen_jars
Vaults:3: hangedman_vaults_trim, v_pattern_3, v_misc_33, v_misc_19,
          grunt_vaults_funnel, v_misc_18, ontoclasm_vaults_ring_small,
          grunt_vaults_twisty, nicolae_vaults_angled_halls,
          vaults_room_semicircle, v_misc_19, vaults_room_hallway,
          nicolae_vaults_little_squares_3, serial_shops, nicolae_shop_waterfront
Vaults:4: vaults_mumra_bighexcomb, ontoclasm_vaults_gateway,
          nicolae_vaults_big_angled_halls, nicolae_vaults_yaktaur_gun_rack,
          v_rooms_2, nicolae_vaults_shelves_hall, vaults_room_door_ring,
          vaults_room_grid, v_misc_12, vaults_dpeg_encased_lava,
          vaults_room_stairs_pillars, vaults_dpeg_ring, serial_shops,
          nicolae_shop_stone, uniq_margery, uniq_saint_roka, uniq_bai_suzhen
Vaults:5: serial_shops
Crypt:1:  grunt_crypt_arrival_split
Crypt:3:  grunt_crypt_end_deaths_head, uniq_xtahua
Tomb:3:   uniq_frederick
Depths:1: serial_shops, shop, kennysheep_mini_moat, serial_sigils,
          serial_sigils_hangedman_leer, serial_sigils_hangedman_gnaw,
          serial_sigils_hangedman_confine, serial_sigils_hangedman_quiver,
          serial_sigils_hangedman_stare, serial_sigils_hangedman_clutch,
          kennysheep_minor_cross, hell_entry,
          brannock_guarded_unrand_thermic_engine
Depths:2: minmay_the_grid_four_pointed_star_mashed, enter_ziggurat_c,
          hangedman_coc_ice_floe, rand_demon_pan_entry_7,
          abyss_entry_small_statue_room, abandoned_shop
Depths:3: ragdoll_tomb_raider, serial_shops, shop, rand_demon_pan_entry_4,
          hell_entry, kennysheep_another_room, abyss_entry_flame_altar,
          uniq_enchantress, uniq_jorgrun
Depths:4: nicolae_whirlpool, corexii_leaking_fountain, hangedman_geh_valley,
          abyss_entry
Depths:5: grunt_twist_and_shout, kennysheep_pointless_box,
          rand_demon_pan_entry_1, grunt_hell_entry_dis_grunt,
          infiniplex_enter_wizlab_water, door_vault
Zot:1:    gammafunk_dig_for_victory
Zot:2:    hangedman_elemental_corridor
Zot:3:    kennysheep_room_grid, hangedman_player_shredder
Zig:11:   ziggurat_pillar_centre_oklobs
Zig:14:   ziggurat_pillar_centre_c
Zig:16:   ziggurat_pillar_centre_smoke
Zig:19:   ziggurat_pillar_centre_dead_trees
Zig:25:   ziggurat_pillar_centre_drop
Zig:26:   ziggurat_pillar_centre_more_plants
IceCv:    ice_cave_small_dragons
WizLab:   wizlab_golubria

Skill      XL: |  1  2  3  4  5  6  7  8  9 10 11 12 13 14 15 16 17 18 19 20 21 22 23 24 25 26 27 |
---------------+----------------------------------------------------------------------------------+-----
Earth Magic    | 4 5 6 7 8 9 10 11 12 13 14 16 19 20 23 24 25 26 27 | 27.0
Conjurations   | 1 2 4 5 6 8 9 10 11 15 16 17 18 19 20 26 | 26.1
Fighting       | 2 4 6 7 9 10 11 12 13 14 15 16 17 27 | 27.0
Spellcasting   | 4 5 6 8 9 10 11 12 13 14 15 17 18 19 27 | 27.0
Armour         | 5 7 9 10 12 13 14 20 | 20.1
Shields        | 2 4 16 | 16.0
Transmutations | 4 8 11 17 | 17.6
Necromancy     | 4 8 11 17 | 17.6
Evocations     | 27 | 27.0
Ice Magic      | 20 | 20.2
Dodging        | |  1.5
Stealth        | |  2.1

Action                   |  1- 3 |  4- 6 |  7- 9 | 10-12 | 13-15 | 16-18 | 19-21 | 22-24 | 25-27 || total
-------------------------+-------+-------+-------+-------+-------+-------+-------+-------+-------++-------
Melee: Unarmed           |     1 |       |       |       |       |       |       |       |       ||     1
       Club              |    81 |       |       |       |       |       |       |       |       ||    81
       Whip              |       |    98 |   109 |    30 |       |       |       |       |       ||   237
       Scimitar          |       |       |       |    55 |       |       |       |       |       ||    55
       Staff             |       |       |       |       |     6 |     3 |     4 |     3 |     8 ||    24
 Cast: Sandblast         |    35 |    23 |    69 |   148 |   170 |    25 |    15 |     4 |    44 ||   533
       Stone Arrow       |     7 |    32 |    70 |   255 |   367 |    18 |     1 |       |       ||   750
       Lee's Rapid Decon |       |       |     4 |     2 |    11 |       |       |       |       ||    17
       Orb of Destructio |       |       |       |       |    59 |    12 |     6 |     3 |    34 ||   114
       Iron Shot         |       |       |       |       |   135 |   385 |   333 |   236 |   569 ||  1658
       Blink             |       |       |       |       |       |     1 |       |       |     7 ||     8
       Shatter           |       |       |       |       |       |     1 |    90 |   104 |   791 ||   986
       Lehudib's Crystal |       |       |       |       |       |       |     6 |    56 |   125 ||   187
       Necromutation     |       |       |       |       |       |       |       |       |   202 ||   202
       Glaciate          |       |       |       |       |       |       |       |       |    59 ||    59
       Regeneration      |       |       |       |       |       |       |       |       |     1 ||     1
 Abil: Fly               |       |       |       |       |       |     1 |       |       |     2 ||     3
       Stop Flying       |       |       |       |       |       |     1 |       |       |     5 ||     6
Evoke: Wand              |       |       |       |       |     4 |       |       |       |     4 ||     8
       Staff of energy   |       |       |       |       |       |       |       |       |   371 ||   371
       Crystal ball of e |       |       |       |       |       |       |       |       |     5 ||     5
       Figurine of a zig |       |       |       |       |       |       |       |       |     1 ||     1
  Use: Scroll            |     1 |     1 |     7 |    12 |    12 |    15 |     9 |    10 |    94 ||   161
       Potion            |       |       |     1 |       |       |     1 |       |     8 |    17 ||    27
 Stab: Sleeping          |     4 |     3 |     2 |       |       |       |       |       |       ||     9
  Eat: Chunk             |     3 |    10 |    16 |    44 |   109 |    99 |   117 |    58 |    66 ||   522
       Ration            |       |     1 |     2 |       |       |     5 |    16 |    21 |     7 ||    52
Armor: Robe              |    48 |    55 |    66 |   164 |   189 |    78 |    75 |    88 |    41 ||   804
       Skin              |       |       |    45 |       |       |       |       |       |       ||    45
       Acid dragon scale |       |       |       |       |       |       |       |       |   703 ||   703
Dodge: Dodged            |    74 |    88 |    68 |   183 |   231 |    62 |    66 |    64 |   349 ||  1185
Block: Buckler           |       |       |       |       |       |    17 |    22 |    25 |   289 ||   353
       Reflection        |       |       |       |       |       |       |       |       |    36 ||    36
       Rpst.: Scimitar   |       |       |       |    22 |       |       |       |       |       ||    22
       Staff             |       |       |       |       |       |       |       |       |     2 ||     2

Table legend:
 A = Spawn XP
 B = Non-spawn XP
 C = Spawn XP percentage of total XP
 D = Spawn monster count
 E = Non-spawn monster count
 F = Spawn count percentage of total count
 G = Total turns spent on level
                    A         B        C        D         E        F      G
               +---------+---------+-------+---------+---------+-------+---------
         Total |       0 | 4055383 |   0.0 |       0 |    4850 |   0.0 | 102701
               +---------+---------+-------+---------+---------+-------+---------
           D:1 |       0 |      63 |   0.0 |       0 |      31 |   0.0 |  1325
           D:2 |       0 |      58 |   0.0 |       0 |      26 |   0.0 |  1211
           D:3 |       0 |     443 |   0.0 |       0 |      40 |   0.0 |  2038
           D:4 |       0 |     593 |   0.0 |       0 |      20 |   0.0 |  1282
           D:5 |       0 |    1004 |   0.0 |       0 |      20 |   0.0 |  1474
           D:6 |       0 |     744 |   0.0 |       0 |      17 |   0.0 |  1448
           D:7 |       0 |    1400 |   0.0 |       0 |      21 |   0.0 |  1325
           D:8 |       0 |    1971 |   0.0 |       0 |      35 |   0.0 |  1497
           D:9 |       0 |    4847 |   0.0 |       0 |      49 |   0.0 |  2150
          D:10 |       0 |    5163 |   0.0 |       0 |      48 |   0.0 |  1437
          D:11 |       0 |    7004 |   0.0 |       0 |      39 |   0.0 |  2116
          D:12 |       0 |   12771 |   0.0 |       0 |      39 |   0.0 |  2241
          D:13 |       0 |    5076 |   0.0 |       0 |      18 |   0.0 |  1498
          D:14 |       0 |    4739 |   0.0 |       0 |      14 |   0.0 |  1883
          D:15 |       0 |   44512 |   0.0 |       0 |      86 |   0.0 |  4240
        Lair:1 |       0 |    5831 |   0.0 |       0 |      22 |   0.0 |  1741
        Lair:2 |       0 |    3460 |   0.0 |       0 |      15 |   0.0 |  1300
        Lair:3 |       0 |   12047 |   0.0 |       0 |      39 |   0.0 |  2251
        Lair:4 |       0 |    4674 |   0.0 |       0 |      18 |   0.0 |  1334
        Lair:5 |       0 |    3612 |   0.0 |       0 |      21 |   0.0 |  1155
        Lair:6 |       0 |   13941 |   0.0 |       0 |      55 |   0.0 |  2625
       Swamp:1 |       0 |   15494 |   0.0 |       0 |      30 |   0.0 |  1843
       Swamp:2 |       0 |   15826 |   0.0 |       0 |      39 |   0.0 |  1371
       Swamp:3 |       0 |   12655 |   0.0 |       0 |      26 |   0.0 |  2338
       Swamp:4 |       0 |   30352 |   0.0 |       0 |      60 |   0.0 |  1572
       Snake:1 |       0 |    9768 |   0.0 |       0 |      20 |   0.0 |  1605
       Snake:2 |       0 |   14268 |   0.0 |       0 |      30 |   0.0 |   990
       Snake:3 |       0 |   15638 |   0.0 |       0 |      25 |   0.0 |  2272
       Snake:4 |       0 |   38880 |   0.0 |       0 |      56 |   0.0 |  1529
       Slime:1 |       0 |    6560 |   0.0 |       0 |      11 |   0.0 |   269
       Slime:2 |       0 |   13007 |   0.0 |       0 |      18 |   0.0 |   201
       Slime:3 |       0 |   15749 |   0.0 |       0 |      19 |   0.0 |   196
       Slime:4 |       0 |   20543 |   0.0 |       0 |      38 |   0.0 |   444
       Slime:5 |       0 |   56017 |   0.0 |       0 |      65 |   0.0 |   214
         Orc:1 |       0 |   12418 |   0.0 |       0 |      94 |   0.0 |  3210
         Orc:2 |       0 |   19851 |   0.0 |       0 |      71 |   0.0 |  1139
         Elf:1 |       0 |   19919 |   0.0 |       0 |      31 |   0.0 |  1072
         Elf:2 |       0 |   33207 |   0.0 |       0 |      54 |   0.0 |   838
         Elf:3 |       0 |   72964 |   0.0 |       0 |      61 |   0.0 |  1783
      Vaults:1 |       0 |   42764 |   0.0 |       0 |      87 |   0.0 |  1986
      Vaults:2 |       0 |   47368 |   0.0 |       0 |      79 |   0.0 |  3263
      Vaults:3 |       0 |   54444 |   0.0 |       0 |     101 |   0.0 |  2040
      Vaults:4 |       0 |   84734 |   0.0 |       0 |     103 |   0.0 |  2370
      Vaults:5 |       0 |  164146 |   0.0 |       0 |     115 |   0.0 |  1734
       Crypt:1 |       0 |   19752 |   0.0 |       0 |      37 |   0.0 |  1228
       Crypt:2 |       0 |   31781 |   0.0 |       0 |      42 |   0.0 |  1611
       Crypt:3 |       0 |   80007 |   0.0 |       0 |     116 |   0.0 |  1556
        Tomb:1 |       0 |  134373 |   0.0 |       0 |      72 |   0.0 |  1673
        Tomb:2 |       0 |   69193 |   0.0 |       0 |      85 |   0.0 |   770
        Tomb:3 |       0 |  118062 |   0.0 |       0 |     110 |   0.0 |   727
      Depths:1 |       0 |   62827 |   0.0 |       0 |      75 |   0.0 |  2690
      Depths:2 |       0 |   63698 |   0.0 |       0 |      73 |   0.0 |  1415
      Depths:3 |       0 |   59144 |   0.0 |       0 |      57 |   0.0 |  1895
      Depths:4 |       0 |   49917 |   0.0 |       0 |      56 |   0.0 |  1776
      Depths:5 |       0 |   99792 |   0.0 |       0 |      84 |   0.0 |  1105
          Hell |       0 |   30780 |   0.0 |       0 |      39 |   0.0 |   164
         Zot:1 |       0 |  168893 |   0.0 |       0 |      87 |   0.0 |  3312
         Zot:2 |       0 |   92414 |   0.0 |       0 |      46 |   0.0 |  2880
         Zot:3 |       0 |   16639 |   0.0 |       0 |      11 |   0.0 |    71
         Zig:1 |       0 |    3175 |   0.0 |       0 |       5 |   0.0 |    59
         Zig:2 |       0 |    6200 |   0.0 |       0 |       7 |   0.0 |   103
         Zig:3 |       0 |    9897 |   0.0 |       0 |      10 |   0.0 |   129
         Zig:4 |       0 |   10519 |   0.0 |       0 |      16 |   0.0 |    97
         Zig:5 |       0 |   14248 |   0.0 |       0 |      19 |   0.0 |   144
         Zig:6 |       0 |   33303 |   0.0 |       0 |      18 |   0.0 |   138
         Zig:7 |       0 |   24569 |   0.0 |       0 |      29 |   0.0 |   149
         Zig:8 |       0 |   28960 |   0.0 |       0 |      34 |   0.0 |   133
         Zig:9 |       0 |   49797 |   0.0 |       0 |      37 |   0.0 |   128
        Zig:10 |       0 |   46334 |   0.0 |       0 |      42 |   0.0 |   168
        Zig:11 |       0 |   63886 |   0.0 |       0 |      54 |   0.0 |   152
        Zig:12 |       0 |   74574 |   0.0 |       0 |      56 |   0.0 |   337
        Zig:13 |       0 |   49366 |   0.0 |       0 |      91 |   0.0 |   258
        Zig:14 |       0 |   62457 |   0.0 |       0 |      70 |   0.0 |   299
        Zig:15 |       0 |   53343 |   0.0 |       0 |      67 |   0.0 |   185
        Zig:16 |       0 |  108766 |   0.0 |       0 |     114 |   0.0 |   514
        Zig:17 |       0 |  111911 |   0.0 |       0 |      82 |   0.0 |   376
        Zig:18 |       0 |   98790 |   0.0 |       0 |      92 |   0.0 |   363
        Zig:19 |       0 |  129851 |   0.0 |       0 |     104 |   0.0 |   213
        Zig:20 |       0 |  127810 |   0.0 |       0 |     125 |   0.0 |   190
        Zig:21 |       0 |  133441 |   0.0 |       0 |     156 |   0.0 |   248
        Zig:22 |       0 |  113027 |   0.0 |       0 |     146 |   0.0 |   264
        Zig:23 |       0 |  179422 |   0.0 |       0 |     137 |   0.0 |   287
        Zig:24 |       0 |  202651 |   0.0 |       0 |     185 |   0.0 |   350
        Zig:25 |       0 |  133944 |   0.0 |       0 |      96 |   0.0 |   259
        Zig:26 |       0 |   88270 |   0.0 |       0 |      92 |   0.0 |   121
        Zig:27 |       0 |   26005 |   0.0 |       0 |      15 |   0.0 |    68
         IceCv |       0 |    5270 |   0.0 |       0 |      20 |   0.0 |   879
        WizLab |       0 |   17800 |   0.0 |       0 |      35 |   0.0 |  1309
               +---------+---------+-------+---------+---------+-------+---------
